Workbook

Sheet Лист1
B1: ИСПОЛНЕНИЕ МЕСТНЫХ БЮДЖЕТОВ ЗА ПЕРВОЕ ПОЛУГОДИЕ 2015 Г.
B2: Наименование | C2: 0102 | E2: 0103 | G2: 0104 | I2: 0105 | K2: 0106 | M2: 0107 | O2: 0111 | Q2: 0113 | S2: 0203 | U2: 0204 | W2: 0309 | Y2: 0310 | AA2: 0314 | AC2: 0401 | AE2: 0406 | AG2: 0407 | AI2: 0408 | AK2: 0409 | AM2: 0410 | AO2: 0412 | AQ2: 0501 | AS2: 0502 | AU2: 0503 | AW2: 0505 | AY2: 0602 | BA2: 0605 | BC2: 0701 | BE2: 0702 | BG2: 0707 | BI2: 0709 | BK2: 0801 | BM2: 0804 | BO2: 1001 | BQ2: 1003 | BS2: 1004 | BU2: 1006 | BW2: 1101 | BY2: 1102 | CA2: 1103 | CC2: 1105 | CE2: 1202 | CG2: 1301 | CI2: 1401 | CK2: 1403
C3: Утверждено в бюджете | D3: Исполнение бюджета по состоянию на 01.07.2015г. | E3: Утверждено в бюджете | F3: Исполнение бюджета по состоянию на 01.07.2015г. | G3: Утверждено в бюджете | H3: Исполнение бюджета по состоянию на 01.07.2015г. | I3: Утверждено в бюджете | J3: Исполнение бюджета по состоянию на 01.07.2015г. | K3: Утверждено в бюджете | L3: Исполнение бюджета по состоянию на 01.07.2015г. | M3: Утверждено в бюджете | N3: Исполнение бюджета по состоянию на 01.07.2015г. | O3: Утверждено в бюджете | P3: Исполнение бюджета по состоянию на 01.07.2015г. | Q3: Утверждено в бюджете | R3: Исполнение бюджета по состоянию на 01.07.2015г. | S3: Утверждено в бюджете | T3: Исполнение бюджета по состоянию на 01.07.2015г. | U3: Утверждено в бюджете | V3: Исполнение бюджета по состоянию на 01.07.2015г. | W3: Утверждено в бюджете | X3: Исполнение бюджета по состоянию на 01.07.2015г. | Y3: Утверждено в бюджете | Z3: Исполнение бюджета по состоянию на 01.07.2015г. | AA3: Утверждено в бюджете | AB3: Исполнение бюджета по состоянию на 01.07.2015г. | AC3: Утверждено в бюджете | AD3: Исполнение бюджета по состоянию на 01.07.2015г. | AE3: Утверждено в бюджете | AF3: Исполнение бюджета по состоянию на 01.07.2015г. | AG3: Утверждено в бюджете | AH3: Исполнение бюджета по состоянию на 01.07.2015г. | AI3: Утверждено в бюджете | AJ3: Исполнение бюджета по состоянию на 01.07.2015г. | AK3: Утверждено в бюджете | AL3: Исполнение бюджета по состоянию на 01.07.2015г. | AM3: Утверждено в бюджете | AN3: Исполнение бюджета по состоянию на 01.07.2015г. | AO3: Утверждено в бюджете | AP3: Исполнение бюджета по состоянию на 01.07.2015г. | AQ3: Утверждено в бюджете | AR3: Исполнение бюджета по состоянию на 01.07.2015г. | AS3: Утверждено в бюджете | AT3: Исполнение бюджета по состоянию на 01.07.2015г. | AU3: Утверждено в бюджете | AV3: Исполнение бюджета по состоянию на 01.07.2015г. | AW3: Утверждено в бюджете | AX3: Исполнение бюджета по состоянию на 01.07.2015г. | AY3: Утверждено в бюджете | AZ3: Исполнение бюджета по состоянию на 01.07.2015г. | BA3: Утверждено в бюджете | BB3: Исполнение бюджета по состоянию на 01.07.2015г. | BC3: Утверждено в бюджете | BD3: Исполнение бюджета по состоянию на 01.07.2015г. | BE3: Утверждено в бюджете | BF3: Исполнение бюджета по состоянию на 01.07.2015г. | BG3: Утверждено в бюджете | BH3: Исполнение бюджета по состоянию на 01.07.2015г. | BI3: Утверждено в бюджете | BJ3: Исполнение бюджета по состоянию на 01.07.2015г. | BK3: Утверждено в бюджете | BL3: Исполнение бюджета по состоянию на 01.07.2015г. | BM3: Утверждено в бюджете | BN3: Исполнение бюджета по состоянию на 01.07.2015г. | BO3: Утверждено в бюджете | BP3: Исполнение бюджета по состоянию на 01.07.2015г. | BQ3: Утверждено в бюджете | BR3: Исполнение бюджета по состоянию на 01.07.2015г. | BS3: Утверждено в бюджете | BT3: Исполнение бюджета по состоянию на 01.07.2015г. | BU3: Утверждено в бюджете | BV3: Исполнение бюджета по состоянию на 01.07.2015г. | BW3: Утверждено в бюджете | BX3: Исполнение бюджета по состоянию на 01.07.2015г. | BY3: Утверждено в бюджете | BZ3: Исполнение бюджета по состоянию на 01.07.2015г. | CA3: Утверждено в бюджете | CB3: Исполнение бюджета по состоянию на 01.07.2015г. | CC3: Утверждено в бюджете | CD3: Исполнение бюджета по состоянию на 01.07.2015г. | CE3: Утверждено в бюджете | CF3: Исполнение бюджета по состоянию на 01.07.2015г. | CG3: Утверждено в бюджете | CH3: Исполнение бюджета по состоянию на 01.07.2015г. | CI3: Утверждено в бюджете | CJ3: Исполнение бюджета по состоянию на 01.07.2015г. | CK3: Утверждено в бюджете | CL3: Исполнение бюджета по состоянию на 01.07.2015г.
B4: Беловский район | C4: 6508589 | D4: 3125862.6 | E4: 990000 | F4: 477909.22 | G4: 24665582 | H4: 13868712 | K4: 3100000 | L4: 1611181.8 | M4: 313019 | N4: 63019 | O4: 7221241 | P4: 0 | Q4: 10648062 | R4: 5537871.7 | S4: 872466 | T4: 386575.07 | W4: 1651000 | X4: 738090.06 | Y4: 18305 | Z4: 0 | AA4: 97600 | AB4: 2759 | AI4: 500000 | AJ4: 279666 | AK4: 10115529 | AL4: 337848.88 | AO4: 2998185 | AP4: 14000 | AS4: 4662204 | AT4: 952136.68 | AU4: 4926243.7 | AV4: 1956213 | BC4: 30354002 | BD4: 14841830 | BE4: 204845197 | BF4: 1.041678e+08 | BG4: 5049253 | BH4: 1609693.4 | BI4: 5570426 | BJ4: 2572002.7 | BK4: 24295477 | BL4: 10472091 | BM4: 2132976 | BN4: 1197189 | BO4: 265800 | BP4: 103705.94 | BQ4: 27549553 | BR4: 16647016 | BS4: 4076215 | BT4: 1699162.1 | BU4: 1243000 | BV4: 615696.28 | BY4: 436435 | BZ4: 109599.1 | CG4: 100000 | CH4: 459.6 | CI4: 0 | CJ4: 0
B5: Большесолдатский район | C5: 4162297 | D5: 1961591.3 | E5: 934700 | F5: 577795.95 | G5: 17347998 | H5: 8834626.1 | K5: 2898950 | L5: 1746847.1 | M5: 240000 | O5: 267000 | Q5: 11081539 | R5: 3588401.7 | S5: 436233 | T5: 186126.15 | AA5: 15010 | AC5: 271985 | AD5: 142691.03 | AI5: 500000 | AJ5: 300000 | AK5: 17963300 | AL5: 30413.32 | AO5: 1570000 | AP5: 40000 | AQ5: 4100 | AS5: 12682596 | AT5: 262835.66 | AU5: 2671100 | AV5: 765107.38 | BC5: 16585561 | BD5: 6872490.8 | BE5: 171054381 | BF5: 80431462 | BG5: 1132083 | BH5: 761045.18 | BI5: 6742962 | BJ5: 3201571.2 | BK5: 22702415 | BL5: 10036732 | BM5: 2886776 | BN5: 1554308.7 | BO5: 326834 | BP5: 102207.83 | BQ5: 19604523 | BR5: 11606618 | BS5: 5633340 | BT5: 3094887.6 | BU5: 1185000 | BV5: 576606.37 | BY5: 110000 | BZ5: 57310 | CG5: 13001 | CH5: 0 | CI5: 0 | CJ5: 0
B6: Глушковский район | C6: 5737445.6 | D6: 2453282.2 | E6: 1972000 | F6: 877634.69 | G6: 34794074 | H6: 16589781 | K6: 433100 | L6: 228087.04 | M6: 141000 | N6: 70000 | O6: 50000 | Q6: 10127293 | R6: 5041923 | S6: 872466 | T6: 361206.96 | Y6: 97500 | Z6: 22249.3 | AA6: 36500 | AI6: 300000 | AJ6: 50000 | AK6: 9816757.5 | AL6: 1288373.4 | AO6: 1095000 | AP6: 435773.41 | AQ6: 70000 | AR6: 42556.12 | AS6: 3413740 | AT6: 665862.41 | AU6: 7622186.5 | AV6: 4853781.5 | BC6: 53879407 | BD6: 27027881 | BE6: 206307145 | BF6: 1.0466186e+08 | BG6: 3677539 | BH6: 1058440.9 | BI6: 6263577 | BJ6: 2221607.8 | BK6: 28716373 | BL6: 11185095 | BM6: 1086176 | BN6: 430460.35 | BO6: 164383 | BP6: 63421.88 | BQ6: 31586449 | BR6: 17091021 | BS6: 9073008 | BT6: 4063304.5 | BW6: 473000 | BX6: 213880 | CG6: 2030720 | CH6: 848903.68 | CI6: 0 | CJ6: 0
B7: Горшеченский район | C7: 6912615 | D7: 3516757.6 | E7: 837220 | F7: 414033.01 | G7: 25877641 | H7: 13987175 | K7: 3409720 | L7: 1436113.7 | O7: 250000 | Q7: 43012789 | R7: 23351017 | S7: 997104 | T7: 404189.44 | W7: 446000 | X7: 159100 | Y7: 135957 | Z7: 84483.27 | AK7: 10126064 | AL7: 2258085.8 | AO7: 256419.84 | AP7: 18368.78 | AQ7: 447400 | AR7: 88100.06 | AS7: 12760742 | AT7: 5732820.5 | AU7: 5524089.9 | AV7: 2513040.3 | BC7: 17312921 | BD7: 8234744.5 | BE7: 204022380 | BF7: 1.0703498e+08 | BG7: 2418735 | BH7: 568375.23 | BI7: 6319785 | BJ7: 2989268.9 | BK7: 31676903 | BL7: 12466522 | BM7: 2515926 | BN7: 1384238.2 | BO7: 694265 | BP7: 318443.99 | BQ7: 27902326 | BR7: 15481603 | BS7: 4220227 | BT7: 1618192.4 | BU7: 1485000 | BV7: 877314.18 | BW7: 403000 | BX7: 247650 | CG7: 350500 | CI7: 0 | CJ7: 0
B8: Дмитриевский район | C8: 4774055 | D8: 2444060.1 | E8: 657000 | F8: 216383.88 | G8: 24343875 | H8: 12246190 | K8: 3000000 | L8: 1417130.8 | M8: 750000 | O8: 554000 | Q8: 11299510 | R8: 4965185.9 | S8: 498552 | T8: 188683.75 | U8: 2000 | W8: 1034000 | X8: 457410.36 | AA8: 7000 | AK8: 12620038 | AL8: 99760 | AO8: 543200 | AP8: 68088.96 | AQ8: 29608233 | AR8: 6402815 | AS8: 37462969 | AT8: 18164368 | AU8: 6774285.1 | AV8: 3926304.2 | AW8: 14000 | BC8: 25841710 | BD8: 13720643 | BE8: 134859300 | BF8: 68187488 | BG8: 1421759 | BH8: 661129.76 | BI8: 5497897 | BJ8: 2217901.3 | BK8: 24931765 | BL8: 9547253.5 | BM8: 5425276 | BN8: 2259457.7 | BO8: 727000 | BP8: 288821.91 | BQ8: 15531079 | BR8: 7592280.4 | BS8: 4544191 | BT8: 1872582.8 | BU8: 1659000 | BV8: 807383.15 | BY8: 311000 | BZ8: 112015 | CG8: 52000 | CH8: 0 | CI8: 0 | CJ8: 0 | CK8: 0 | CL8: 0
B9: Железногорский район | C9: 7736105 | D9: 3651054.1 | E9: 1095783 | F9: 489169.75 | G9: 27291094 | H9: 14128898 | K9: 2823866 | L9: 1237663.2 | M9: 225000 | N9: 135000 | O9: 100000 | Q9: 45999399 | R9: 11576688 | S9: 1246380 | T9: 371771.84 | W9: 175000 | Y9: 722900 | Z9: 225761.16 | AA9: 200000 | AK9: 2919961.8 | AO9: 5604024.1 | AP9: 409423.68 | AQ9: 8086575 | AS9: 26358001 | AT9: 7141060.7 | AU9: 6891816 | AV9: 756146.56 | BC9: 37442419 | BD9: 18663343 | BE9: 1.4907715e+08 | BF9: 76045212 | BG9: 1240077 | BH9: 564574 | BI9: 7688346 | BJ9: 3381807.9 | BK9: 57931783 | BL9: 15103944 | BM9: 5891876 | BN9: 2539876.5 | BO9: 741200 | BP9: 163148.17 | BQ9: 18409890 | BR9: 9973829.4 | BS9: 5633293 | BT9: 2388801.8 | BU9: 2716949 | BV9: 1328862.4 | BW9: 574000 | BX9: 343208.17 | BY9: 208650 | BZ9: 145180 | CE9: 1716000 | CF9: 624301.23 | CG9: 72584 | CH9: 0 | CI9: 0 | CJ9: 0
B10: Золотухинский район | C10: 6229359 | D10: 2958744.4 | E10: 802300 | F10: 348842.89 | G10: 30396549 | H10: 13540733 | K10: 2058200 | L10: 1025083.3 | M10: 240000 | N10: 140000 | O10: 452000 | Q10: 17092683 | R10: 6470491.9 | S10: 810147 | T10: 388281.24 | U10: 1000 | W10: 4931967.4 | X10: 1755724.4 | Y10: 1859900 | Z10: 452534.71 | AA10: 138600 | AB10: 19615 | AI10: 300000 | AJ10: 118529.85 | AK10: 28100153 | AL10: 96683 | AO10: 1576265.6 | AP10: 505454.3 | AQ10: 357547.3 | AR10: 42544.19 | AS10: 1597917 | AT10: 289621.5 | AU10: 3636834.5 | AV10: 1755038.2 | AW10: 1322367.1 | AX10: 597484.65 | BA10: 30000 | BC10: 35442124 | BD10: 17608157 | BE10: 2.2359437e+08 | BF10: 1.1097092e+08 | BG10: 1815317.2 | BH10: 974937.23 | BI10: 7759311 | BJ10: 3580629.9 | BK10: 34120249 | BL10: 10640775 | BM10: 3625535.4 | BN10: 1310496 | BO10: 1615227 | BP10: 593839.96 | BQ10: 27281178 | BR10: 16653058 | BS10: 9806300 | BT10: 3808075.5 | BU10: 1926000 | BV10: 763680.75 | BW10: 327000 | BX10: 1440 | BY10: 269000 | BZ10: 35929 | CG10: 19200 | CH10: 0 | CI10: 0 | CJ10: 0
B11: Касторенский район | C11: 7703911 | D11: 3158995.9 | E11: 822000 | F11: 335654.25 | G11: 27825125 | H11: 11138062 | K11: 5232300 | L11: 2006927.6 | M11: 142600 | O11: 204954.18 | Q11: 21825384 | R11: 10629520 | S11: 1059423 | T11: 155573.39 | W11: 228400 | X11: 30500 | Y11: 94600 | Z11: 21011.56 | AI11: 886200 | AJ11: 225000 | AK11: 9128911.4 | AL11: 438447.37 | AO11: 1058700 | AP11: 197507.68 | AQ11: 2762571 | AR11: 1239.96 | AS11: 7827230 | AT11: 919917.2 | AU11: 5462899.2 | AV11: 2532739.1 | BC11: 21458122 | BD11: 10689986 | BE11: 185989468 | BF11: 1.0095357e+08 | BG11: 1324859 | BH11: 465768 | BI11: 7455761 | BJ11: 3212221.8 | BK11: 26437084 | BL11: 9560159.2 | BM11: 5018276 | BN11: 2074925.1 | BO11: 375000 | BP11: 236511.62 | BQ11: 26656015 | BR11: 13789432 | BS11: 5237879 | BT11: 2098902 | BU11: 1285000 | BV11: 684978.68 | BW11: 224000 | BX11: 69850 | BY11: 5720000 | BZ11: 571387.18 | CG11: 302631 | CH11: 20797.27 | CI11: 0 | CJ11: 0
B12: Конышевский район | C12: 5122576 | D12: 2349864.6 | E12: 621500 | F12: 285987.18 | G12: 18439080 | H12: 9727639.2 | I12: 850 | K12: 2473400 | L12: 1207267.3 | M12: 198250 | O12: 4829789 | Q12: 13629991 | R12: 5538735.2 | S12: 560871 | T12: 198173.33 | W12: 1571500 | X12: 750145.75 | AA12: 45942.4 | AB12: 35942.4 | AI12: 262000 | AJ12: 142000 | AK12: 26259542 | AL12: 1965384.2 | AO12: 539500 | AP12: 104665 | AQ12: 182072.16 | AR12: 16847.46 | AS12: 21788791 | AT12: 1025898.1 | AU12: 2467457.9 | AV12: 1332491.6 | BC12: 10779288 | BD12: 4550062.4 | BE12: 117088198 | BF12: 66600472 | BG12: 3173823 | BH12: 921905.03 | BI12: 6144331 | BJ12: 2112557.4 | BK12: 20192613 | BL12: 8265046.6 | BM12: 1833076 | BN12: 877635.11 | BO12: 268448 | BP12: 126772.92 | BQ12: 16576114 | BR12: 8104774 | BS12: 1946104 | BT12: 908769.06 | BU12: 948000 | BV12: 467193.2 | BW12: 424800 | BX12: 246982 | CG12: 100 | CH12: 0 | CI12: 0 | CJ12: 0
B13: Кореневский район | C13: 5526183 | D13: 2475291.8 | E13: 699600 | F13: 431231.66 | G13: 20091147 | H13: 10805912 | K13: 2016900 | L13: 1225510.9 | M13: 240000 | O13: 210000 | Q13: 17651906 | R13: 9970553.2 | S13: 623190 | T13: 266514.04 | W13: 1878815 | X13: 842151.72 | Y13: 102281 | Z13: 7495.52 | AA13: 92430 | AC13: 243008.48 | AD13: 101883.39 | AI13: 221000 | AJ13: 78020 | AK13: 18349087 | AL13: 1624625 | AO13: 1234620 | AP13: 60164.54 | AQ13: 391415 | AR13: 1437.15 | AS13: 4919044.9 | AT13: 961545.49 | AU13: 8635684.3 | AV13: 3220659.2 | BC13: 46213053 | BD13: 22286365 | BE13: 2.0055386e+08 | BF13: 98380619 | BG13: 1591387 | BH13: 442832.48 | BI13: 8821026.3 | BJ13: 3875390.1 | BK13: 32478504 | BL13: 12789715 | BM13: 4444891 | BN13: 1760282.6 | BO13: 243000 | BP13: 125111.73 | BQ13: 25822704 | BR13: 16331057 | BS13: 16735572 | BT13: 7698931 | BU13: 1918241.4 | BV13: 1034513.7 | BW13: 245020 | BX13: 80680 | CG13: 320500 | CH13: 223185.15 | CI13: 0 | CJ13: 0
B14: Курский район | C14: 10638533 | D14: 5178023.6 | E14: 2944781.1 | F14: 1347450.9 | G14: 46907740 | H14: 22762182 | K14: 3984649 | L14: 1941689.1 | M14: 750000 | O14: 192000 | Q14: 60654578 | R14: 31626921 | S14: 1807251 | T14: 856275.03 | W14: 4773600 | X14: 2059498.5 | Y14: 615500 | Z14: 284070.34 | AA14: 16000 | AC14: 80000 | AD14: 25000 | AK14: 50952713 | AL14: 17463796 | AO14: 149750.42 | AP14: 16136.61 | AQ14: 97800 | AR14: 11607.3 | AS14: 4871000 | AT14: 179750 | AU14: 11645686 | AV14: 6168147.7 | AW14: 3875195.6 | AX14: 2330012.1 | BC14: 35231361 | BD14: 16484714 | BE14: 3.4501439e+08 | BF14: 1.5887368e+08 | BG14: 4006583 | BH14: 3132697.9 | BI14: 9588728 | BJ14: 4251011.6 | BK14: 39459170 | BL14: 17459123 | BM14: 1311376 | BN14: 657204.79 | BO14: 1790196.3 | BP14: 729555.78 | BQ14: 45910135 | BR14: 25229645 | BS14: 11385048 | BT14: 4622480.7 | BU14: 3707000 | BV14: 1323220.4 | BW14: 5426473.3 | BX14: 2118381.1 | BY14: 876423.83 | BZ14: 338444 | CA14: 120000 | CB14: 102380 | CG14: 2500 | CH14: 0 | CI14: 79844 | CJ14: 0
B15: Курчатовский район | C15: 4586689 | D15: 1906387.1 | E15: 1407500 | F15: 582683.55 | G15: 23199036 | H15: 11501800 | K15: 2426500 | L15: 1294111.7 | M15: 237100 | O15: 633214.03 | Q15: 41120126 | R15: 8369230 | S15: 623190 | T15: 201137.03 | W15: 377000 | Y15: 39326 | Z15: 7500 | AA15: 70200 | AC15: 282000 | AD15: 118500 | AI15: 130000 | AJ15: 100000 | AK15: 7920442.7 | AL15: 435650.75 | AO15: 1457231.6 | AP15: 518790.58 | AQ15: 15195084 | AR15: 4426586.9 | AS15: 5683888.3 | AT15: 557170.98 | AU15: 3835040 | AV15: 2154706.8 | BC15: 28672651 | BD15: 10232098 | BE15: 173703813 | BF15: 89606413 | BG15: 1445431.6 | BH15: 162349.92 | BI15: 5341545 | BJ15: 2726060.2 | BK15: 18898126 | BL15: 8341694 | BM15: 3187076 | BN15: 1645735.9 | BO15: 875000 | BP15: 378901.54 | BQ15: 23911956 | BR15: 12159684 | BS15: 6163083 | BT15: 2777612.6 | BU15: 1847200 | BV15: 833970.32 | BW15: 509000 | BX15: 300059.93 | CG15: 5000 | CH15: 0 | CI15: 0 | CJ15: 0 | CK15: 0 | CL15: 0
B16: Льговский район | C16: 4204447 | D16: 1791263.1 | E16: 632500 | F16: 310941.68 | G16: 19687270 | H16: 9641186.2 | K16: 2176000 | L16: 877819.57 | M16: 1092511 | O16: 192800 | Q16: 16627676 | R16: 6806948.3 | S16: 747828 | T16: 306053.79 | W16: 257200 | X16: 81200 | Y16: 6500 | AA16: 22000 | AC16: 271000 | AD16: 56383.05 | AK16: 5063216.7 | AL16: 1032916.3 | AO16: 469721.88 | AP16: 233854 | AS16: 1628297 | AT16: 221669.07 | AU16: 662943 | AV16: 144852.91 | BC16: 9545082 | BD16: 3734204.7 | BE16: 179006674 | BF16: 84710746 | BG16: 1063971 | BH16: 369696.28 | BI16: 4719410 | BJ16: 1805355 | BK16: 32707213 | BL16: 12940936 | BM16: 1380676 | BN16: 518754.32 | BO16: 571871 | BP16: 247553.3 | BQ16: 18202061 | BR16: 11090150 | BS16: 3374181 | BT16: 1413534.3 | BU16: 1422000 | BV16: 592023.82 | BW16: 198500 | BX16: 54980 | BY16: 8000 | BZ16: 5000 | CG16: 707000 | CH16: 401218.62 | CI16: 0 | CJ16: 0 | CK16: 1500000
B17: Мантуровский район | C17: 5513243 | D17: 2418343.5 | E17: 757201 | F17: 387135.79 | G17: 21052279 | H17: 10726017 | I17: 550 | K17: 2491900 | L17: 1293582.9 | M17: 287000 | Q17: 22356293 | R17: 8980920.7 | S17: 436233 | T17: 156236 | W17: 108002 | X17: 5000 | Y17: 66454 | AK17: 2293298 | AL17: 91768.82 | AO17: 165000 | AP17: 30000 | AS17: 2733000 | AT17: 1978000 | AU17: 1286500 | AV17: 678632.37 | BC17: 21402209 | BD17: 11561624 | BE17: 1.6023629e+08 | BF17: 90142670 | BG17: 976826 | BH17: 660252.93 | BI17: 4359733 | BJ17: 2399118 | BK17: 21630830 | BL17: 9897992.2 | BM17: 2470470.1 | BN17: 1492207.7 | BO17: 516000 | BP17: 413132.72 | BQ17: 20000004 | BR17: 12214465 | BS17: 5410018 | BT17: 2345780.9 | BU17: 1185000 | BV17: 536562.86 | BY17: 2721560.5 | BZ17: 1680047.2 | CG17: 1382400 | CH17: 289447.25 | CI17: 0 | CJ17: 0
B18: Медвенский район | C18: 6288091 | D18: 2780194.9 | E18: 364471 | F18: 178793.15 | G18: 21812731 | H18: 12923159 | K18: 2776450 | L18: 1739198.1 | M18: 10000 | O18: 32000 | Q18: 15200030 | R18: 7444972.5 | S18: 623190 | T18: 216769.38 | W18: 1530653 | X18: 905208 | Y18: 70600 | Z18: 63100 | AA18: 89715 | AB18: 8000 | AC18: 241000 | AD18: 102707.46 | AK18: 9994477.5 | AL18: 462200.24 | AO18: 2306712 | AP18: 349012 | AQ18: 47000 | AS18: 3477760.5 | AT18: 223085.24 | AU18: 2090109 | AV18: 1140250.5 | BC18: 34628386 | BD18: 18615239 | BE18: 1.8092892e+08 | BF18: 97061924 | BG18: 2088450 | BH18: 1142016.8 | BI18: 8137620 | BJ18: 4615391.3 | BK18: 29195362 | BL18: 11809592 | BM18: 3726994 | BN18: 1920870.6 | BO18: 1217787.1 | BP18: 906549.86 | BQ18: 26443837 | BR18: 15933411 | BS18: 7347286 | BT18: 3749115.7 | BU18: 2285818 | BV18: 1132071.9 | BW18: 222600 | BX18: 170840 | CG18: 26848 | CH18: 24227.02 | CI18: 0 | CJ18: 0
B19: Обоянский район | C19: 7109516 | D19: 3379949.7 | E19: 1084914 | F19: 556140.88 | G19: 29775476 | H19: 13757488 | K19: 1246479 | L19: 608134.58 | M19: 271000 | O19: 329500 | Q19: 44213282 | R19: 15224039 | S19: 997104 | T19: 466439.06 | W19: 150000 | X19: 65000 | Y19: 37000 | Z19: 5630.55 | AA19: 52248.9 | AB19: 2248.9 | AC19: 237000 | AD19: 98395.39 | AI19: 1550000 | AJ19: 813038.23 | AK19: 20245688 | AL19: 611924.2 | AO19: 3711304.1 | AP19: 162954.03 | AQ19: 19087296 | AR19: 65268.16 | AS19: 7190512.6 | AT19: 4352601.6 | AU19: 15765981 | AV19: 7121660.9 | BC19: 42261469 | BD19: 17094564 | BE19: 260527215 | BF19: 1.1837628e+08 | BG19: 3852944 | BH19: 903104.82 | BI19: 17484246 | BJ19: 8731806.3 | BK19: 52455499 | BL19: 24762574 | BM19: 3913519 | BN19: 1864738.5 | BO19: 361124 | BP19: 110822.04 | BQ19: 33077815 | BR19: 19212943 | BS19: 14042548 | BT19: 5952741.4 | BU19: 1896000 | BV19: 948000 | BY19: 1735000 | BZ19: 682560.91 | CG19: 551106.37 | CH19: 202393.55 | CI19: 0 | CJ19: 0
B20: Октябрьский район | C20: 5489988 | D20: 2333004.8 | E20: 955053 | F20: 465178.11 | G20: 29849251 | H20: 15235268 | K20: 952401 | L20: 411718.82 | M20: 50000 | N20: 50000 | O20: 378841 | Q20: 13825556 | R20: 6200526.6 | S20: 872466 | T20: 428455.67 | W20: 1238500 | X20: 513495.99 | Y20: 91101.37 | Z20: 15000 | AA20: 140100 | AB20: 1800 | AK20: 6754496.9 | AL20: 319984.65 | AO20: 1391220 | AP20: 419030.57 | AQ20: 318820 | AS20: 4608540.5 | AT20: 728405.43 | AU20: 4734654.5 | AV20: 2221568.5 | AW20: 775100 | AX20: 257848.56 | BC20: 41567797 | BD20: 23015925 | BE20: 2.1976952e+08 | BF20: 1.3077007e+08 | BG20: 2062278 | BH20: 1189335.9 | BI20: 6671937 | BJ20: 3146825.3 | BK20: 16073941 | BL20: 7456921.5 | BM20: 1555976 | BN20: 635223.01 | BO20: 627000 | BP20: 290350.4 | BQ20: 29745580 | BR20: 18383739 | BS20: 13528007 | BT20: 6361855.7 | BY20: 1295300 | BZ20: 577572.27 | CG20: 711358.29 | CH20: 602315.82 | CI20: 0 | CJ20: 0 | CK20: 394700
B21: Поныровский район | C21: 4504619 | D21: 2456767 | E21: 893600 | F21: 470553.09 | G21: 18589560 | H21: 10565498 | K21: 2451500 | L21: 1054783.9 | O21: 200477 | Q21: 14855629 | R21: 5479438.2 | S21: 498552 | T21: 144589.07 | W21: 1947600 | X21: 862128.77 | AA21: 20000 | AC21: 25000 | AI21: 450000 | AJ21: 99537.79 | AK21: 7528802.6 | AL21: 904868.03 | AO21: 973054.25 | AP21: 276488.52 | AQ21: 134000 | AR21: 62445 | AS21: 2596308 | AT21: 110790 | AU21: 1461296 | AV21: 975561.85 | AW21: 2548900 | AX21: 995970.77 | BC21: 16659021 | BD21: 8984985.4 | BE21: 1.5420349e+08 | BF21: 80615439 | BG21: 1315943 | BH21: 485062 | BI21: 6543805.6 | BJ21: 3548787.6 | BK21: 22257078 | BL21: 8865571.3 | BM21: 4323676 | BN21: 2224223.1 | BO21: 618300 | BP21: 245220.9 | BQ21: 16519878 | BR21: 9364283.3 | BS21: 4125503 | BT21: 1878050.4 | BU21: 1901000 | BV21: 891528.43 | BY21: 162000 | BZ21: 71400 | CG21: 93625.33 | CH21: 51951.03 | CI21: 0 | CJ21: 0 | CK21: 555000
B22: Пристенский район | C22: 4379169 | D22: 2155960.5 | E22: 1632800 | F22: 814117.84 | G22: 24929017 | H22: 12552098 | K22: 2431000 | L22: 1237418.8 | M22: 40000 | N22: 40000 | O22: 130000 | Q22: 20727142 | R22: 11973861 | S22: 623190 | T22: 279972.82 | W22: 10000 | Y22: 193500 | Z22: 121654.32 | AA22: 4000 | AK22: 10423144 | AL22: 4046764.1 | AO22: 187100 | AQ22: 149000 | AR22: 82705.62 | AS22: 9361727 | AT22: 5896084.3 | AU22: 2477021 | AV22: 1603910 | BC22: 27720944 | BD22: 11884606 | BE22: 186921195 | BF22: 97412171 | BG22: 1304345 | BH22: 1090384.4 | BI22: 5794166 | BJ22: 2674420 | BK22: 30805508 | BL22: 15960763 | BM22: 3356276 | BN22: 1541767.6 | BO22: 776500 | BP22: 405799.59 | BQ22: 25165215 | BR22: 15758325 | BS22: 7302836 | BT22: 3333163 | BW22: 604000 | BX22: 360720.25 | BY22: 1144500 | BZ22: 1001582.4 | CI22: 0 | CJ22: 0 | CK22: 332000 | CL22: 0
B23: Рыльский район | C23: 8304496.7 | D23: 3918205.4 | E23: 688100 | F23: 258192.2 | G23: 32112957 | H23: 13721935 | K23: 4088200 | L23: 1493890.1 | M23: 555000 | O23: 480390 | Q23: 32987446 | R23: 15685088 | S23: 1184061 | T23: 467576.78 | W23: 2621000 | X23: 794537.9 | Y23: 381753 | Z23: 16154 | AA23: 304723 | AB23: 7675 | AI23: 1550200 | AJ23: 741508.99 | AK23: 17890017 | AL23: 3494821.4 | AO23: 7812687.5 | AP23: 456174.4 | AQ23: 8302050 | AR23: 115328.08 | AS23: 9782168 | AT23: 1102806.9 | AU23: 17267966 | AV23: 9153166.6 | AW23: 1334100 | AX23: 654006.86 | AY23: 330500 | BC23: 66412658 | BD23: 34334276 | BE23: 279354811 | BF23: 1.610699e+08 | BG23: 2059644 | BH23: 515127.68 | BI23: 13885648 | BJ23: 5981463.2 | BK23: 59423641 | BL23: 21919779 | BM23: 1995276 | BN23: 730440.81 | BO23: 1286077.8 | BP23: 753635.16 | BQ23: 38418087 | BR23: 23087289 | BS23: 9479131 | BT23: 4176223.5 | BU23: 2441500 | BV23: 1130591.7 | BY23: 3017700 | BZ23: 1537477.1 | CE23: 737700 | CF23: 368400 | CG23: 392000 | CH23: 71536.25 | CI23: 0 | CJ23: 0 | CK23: 546207
B24: Советский район | C24: 4630571.1 | D24: 2523651.9 | E24: 858616 | F24: 490639.16 | G24: 27187313 | H24: 16249065 | K24: 1893138 | L24: 1045682.2 | M24: 441717 | O24: 2812792 | Q24: 7408623.2 | R24: 4911966.9 | S24: 810147 | T24: 335889.49 | W24: 1991738 | X24: 799074.19 | Y24: 11000 | AA24: 323933 | AB24: 183558.2 | AC24: 451357 | AD24: 177728.59 | AK24: 12781602 | AL24: 1541531 | AO24: 2111800 | AP24: 383709.96 | AQ24: 15925059 | AR24: 4777594.5 | AS24: 25338030 | AT24: 7578196.6 | AU24: 3298429.9 | AV24: 2303273 | BC24: 25353574 | BD24: 12362653 | BE24: 1.799454e+08 | BF24: 96098939 | BG24: 1489528 | BH24: 533891.2 | BI24: 6085200 | BJ24: 2964276.8 | BK24: 51966661 | BL24: 22367196 | BM24: 2022115 | BN24: 1046031.9 | BO24: 346416.53 | BP24: 269871.79 | BQ24: 26991654 | BR24: 14675444 | BS24: 4182071 | BT24: 1896422.6 | BU24: 2157639 | BV24: 1132673 | BW24: 481500 | BX24: 301936.65 | CG24: 110000 | CH24: 10722.17 | CI24: 0 | CJ24: 0 | CK24: 0 | CL24: 0
B25: Солнцевский район | C25: 4938856.9 | D25: 2388910.9 | E25: 996588 | F25: 444809.02 | G25: 19918244 | H25: 10303665 | K25: 2635595 | L25: 1161849.6 | M25: 260764 | Q25: 17550554 | R25: 5933122.7 | S25: 498552 | T25: 142569.17 | W25: 166842 | X25: 111200 | AA25: 312324 | AB25: 49678.24 | AC25: 359547 | AD25: 137251.45 | AI25: 480000 | AJ25: 152592 | AK25: 2261898.2 | AL25: 16815 | AM25: 55250 | AO25: 703815.99 | AP25: 409417.13 | AQ25: 47000 | AR25: 3875.95 | AS25: 8009978.7 | AT25: 1745968.1 | AU25: 1071111.9 | AV25: 409852.3 | BC25: 14769178 | BD25: 8671674.7 | BE25: 1.6516302e+08 | BF25: 97014452 | BG25: 993985 | BH25: 872363.04 | BI25: 6145324 | BJ25: 2806664.6 | BK25: 22148284 | BL25: 9311074.3 | BM25: 3442067 | BN25: 1424282 | BO25: 65368.2 | BP25: 29472.52 | BQ25: 20169881 | BR25: 12457768 | BS25: 5189135 | BT25: 2339487.1 | BU25: 1962716 | BV25: 819293.49 | BY25: 115990 | BZ25: 62540 | CG25: 68000 | CH25: 145.37 | CI25: 0 | CJ25: 0 | CK25: 0 | CL25: 0
B26: Суджанский район | C26: 9260553.3 | D26: 4115041 | E26: 822000 | F26: 423326.83 | G26: 28462342 | H26: 14574659 | K26: 3484000 | L26: 1910172 | M26: 160000 | O26: 117700 | Q26: 13154431 | R26: 5889080.1 | S26: 1184061 | T26: 492695.68 | W26: 266000 | X26: 10225 | Y26: 75600 | Z26: 4452 | AA26: 85000 | AC26: 237000 | AD26: 104920.15 | AK26: 10178743 | AL26: 1403874.9 | AO26: 655840 | AP26: 14947.5 | AQ26: 325000 | AR26: 27807.64 | AS26: 7487200 | AT26: 3754599.4 | AU26: 17739398 | AV26: 7283802 | AY26: 500000 | BC26: 60073282 | BD26: 21835753 | BE26: 254815679 | BF26: 1.336151e+08 | BG26: 2163278 | BH26: 874270.5 | BI26: 10287599 | BJ26: 4963589.4 | BK26: 37170590 | BL26: 15117420 | BM26: 3590866 | BN26: 1490251.7 | BO26: 684628.63 | BP26: 203086.33 | BQ26: 30002707 | BR26: 17848247 | BS26: 12172017 | BT26: 5323805.9 | BU26: 2133000 | BV26: 980167.01 | BW26: 396200 | BX26: 223204.1 | BY26: 5321100 | BZ26: 2493828 | CE26: 282200 | CF26: 144860 | CG26: 12011.65 | CH26: 0 | CI26: 0 | CJ26: 0
B27: Тимский район | C27: 4577730 | D27: 2289724.3 | E27: 1123774 | F27: 498005.01 | G27: 17409704 | H27: 10307338 | K27: 2557632 | L27: 1241441.6 | M27: 60000 | O27: 3008484 | P27: 0 | Q27: 10721744 | R27: 4352983.4 | S27: 498552 | T27: 223435.06 | W27: 144000 | X27: 20000 | AA27: 31520 | AB27: 13852.04 | AC27: 291566 | AD27: 118409.03 | AI27: 600000 | AJ27: 310100 | AK27: 8103646 | AL27: 180813.43 | AO27: 2145671 | AP27: 1017347 | AQ27: 169397 | AR27: 42502.49 | AS27: 1294806 | AU27: 3468940.6 | AV27: 1337624.1 | BC27: 11508552 | BD27: 6134196.3 | BE27: 138756410 | BF27: 79282225 | BG27: 955158 | BH27: 809118.7 | BI27: 6115355 | BJ27: 2833225.9 | BK27: 28117446 | BL27: 12555124 | BM27: 3935881 | BN27: 1719799.6 | BO27: 1012399 | BP27: 531787.76 | BQ27: 15641803 | BR27: 9608379.9 | BS27: 3520287 | BT27: 1639329.6 | BU27: 1381099 | BV27: 710068.43 | BW27: 130000 | BX27: 52542.2 | CG27: 27000 | CH27: 372.6 | CI27: 0 | CJ27: 0
B28: Фатежский район | C28: 5676460 | D28: 2630581.3 | E28: 1104000 | F28: 582200.65 | G28: 22990063 | H28: 12065090 | K28: 3166900 | L28: 1357894.4 | O28: 526738 | Q28: 22721294 | R28: 9971657.2 | S28: 685509 | T28: 279731.63 | W28: 2387000 | X28: 1083096.1 | Y28: 72000 | AI28: 250000 | AK28: 916172.23 | AL28: 222740 | AO28: 498351 | AP28: 254669 | AQ28: 57000 | AR28: 25403.02 | AS28: 10590833 | AT28: 1793695.8 | AU28: 4385093.2 | AV28: 2815244.8 | BC28: 32273163 | BD28: 14080641 | BE28: 192038379 | BF28: 99181469 | BG28: 1587536 | BH28: 589715 | BI28: 8720052 | BJ28: 3596033.8 | BK28: 31851193 | BL28: 12808841 | BM28: 5417276 | BN28: 2259091.2 | BO28: 748347.65 | BP28: 223060.35 | BQ28: 23204006 | BR28: 14448929 | BS28: 9392653 | BT28: 4211678.5 | BU28: 1659000 | BV28: 768020.02 | BW28: 448000 | BX28: 180055.12 | BY28: 101000 | BZ28: 66961.2 | CI28: 0 | CJ28: 0
B29: Хомутовский район | C29: 5306899.3 | D29: 2978156.7 | E29: 797000 | F29: 519975.54 | G29: 21993891 | H29: 12029091 | K29: 2143000 | L29: 1253971.1 | M29: 643000 | Q29: 16382434 | R29: 5610206.6 | S29: 560871 | T29: 201088.42 | Y29: 59000 | Z29: 21756.18 | AI29: 250000 | AJ29: 122500 | AK29: 14432787 | AL29: 672082.4 | AO29: 1563531 | AP29: 467704.31 | AQ29: 26000 | AR29: 14181.94 | AS29: 7009655.1 | AT29: 1085064.4 | AU29: 3384189.1 | AV29: 900113.3 | AW29: 8000 | BC29: 14508138 | BD29: 6935175.3 | BE29: 115830822 | BF29: 63932329 | BG29: 913753 | BH29: 702664.52 | BI29: 5573828 | BJ29: 3055636.8 | BK29: 31868475 | BL29: 14722629 | BM29: 2449276 | BN29: 1195723.4 | BO29: 1164396.7 | BP29: 358780.45 | BQ29: 15964063 | BR29: 8544744.3 | BS29: 7197731 | BT29: 2989017.6 | BW29: 144000 | BX29: 116570 | CG29: 18000 | CH29: 0 | CI29: 4451344.9 | CJ29: 0
B30: Черемисиновский район | C30: 5089322 | D30: 2528255.4 | E30: 1294600 | F30: 493269.67 | G30: 21594288 | H30: 12220609 | K30: 3075360 | L30: 1316868.6 | M30: 140000 | O30: 739698 | Q30: 15913404 | R30: 6414428.9 | S30: 498552 | T30: 197187.37 | W30: 40000 | X30: 4000 | Y30: 102000 | Z30: 9134 | AA30: 32000 | AB30: 13661.06 | AC30: 319400 | AD30: 155111.75 | AI30: 50000 | AK30: 42023624 | AL30: 416667 | AO30: 71000 | AQ30: 50000 | AR30: 20331.12 | AS30: 3271069 | AT30: 0 | AU30: 3498079.8 | AV30: 1149992.4 | BC30: 15380564 | BD30: 7220437.1 | BE30: 1.2112755e+08 | BF30: 67076949 | BG30: 956924 | BH30: 371835.96 | BI30: 6726619 | BJ30: 3140400.5 | BK30: 25637755 | BL30: 12614942 | BM30: 4862276 | BN30: 2357982.6 | BO30: 810000 | BP30: 395693.27 | BQ30: 13676670 | BR30: 8600127.6 | BS30: 4234902 | BT30: 1809682.7 | BU30: 1303600 | BV30: 823999.99 | BY30: 499000 | BZ30: 303170 | CG30: 50000 | CI30: 0 | CJ30: 0
B31: Щигровский район | C31: 6990022 | D31: 3674903.9 | E31: 493350 | F31: 269572.14 | G31: 17518575 | H31: 10543671 | I31: 700 | K31: 3803300 | L31: 2005130.7 | M31: 110000 | O31: 89338 | Q31: 27645783 | R31: 11135011 | S31: 1184061 | T31: 358431.88 | W31: 2054700 | X31: 1192985.6 | AA31: 29000 | AC31: 332000 | AD31: 124460.31 | AI31: 500000 | AJ31: 200000 | AK31: 9904010.3 | AO31: 6102499.5 | AP31: 1714117.7 | AS31: 2629343 | AT31: 90000 | AU31: 933521 | AV31: 698242.02 | AW31: 3000000 | AX31: 3000000 | BC31: 3419283 | BD31: 1626800.9 | BE31: 1.6836412e+08 | BF31: 79096905 | BG31: 1233225 | BH31: 864975.98 | BI31: 6719387 | BJ31: 3682944.6 | BK31: 26018286 | BL31: 12543433 | BM31: 3051739 | BN31: 1506772.4 | BO31: 1125755 | BP31: 546609.9 | BQ31: 17127486 | BR31: 9151884.8 | BS31: 2271571 | BT31: 1228765.7 | BU31: 948000 | BV31: 485406.08 | BW31: 333000 | BX31: 120766 | CG31: 30000 | CH31: 0 | CI31: 0 | CJ31: 0 | CK31: 0
B32: г.Железногорск | C32: 1431300 | D32: 655431.5 | E32: 4491300 | F32: 2003749.4 | G32: 55663200 | H32: 25676960 | I32: 600 | K32: 15542020 | L32: 7172621.6 | O32: 4142000.8 | P32: 0 | Q32: 41566519 | R32: 17403843 | W32: 15370476 | X32: 6764512.5 | AI32: 20005500 | AJ32: 11000000 | AK32: 31650000 | AL32: 10702375 | AO32: 18658763 | AP32: 3400278.2 | AQ32: 6350000 | AR32: 2170150.9 | AS32: 7546100 | AT32: 2006376.9 | AU32: 111608901 | AV32: 52506900 | AW32: 10874844 | AX32: 4689917.7 | BC32: 4.1755877e+08 | BD32: 2.2483905e+08 | BE32: 5.5396339e+08 | BF32: 3.1723355e+08 | BG32: 21686051 | BH32: 7541378.7 | BI32: 78531281 | BJ32: 32454226 | BK32: 46910651 | BL32: 23248858 | BM32: 8188300 | BN32: 3697609.7 | BO32: 3246800 | BP32: 1837226.5 | BQ32: 2.108143e+08 | BR32: 1.1576696e+08 | BS32: 27728328 | BT32: 13279553 | BU32: 20719100 | BV32: 9824229.5 | BY32: 107401035 | BZ32: 26077504 | CC32: 3221300 | CD32: 1691554.5 | CE32: 5023700 | CF32: 2318738.8 | CG32: 1889400 | CH32: 0
B33: г.Курск | C33: 2423500 | D33: 1230644.8 | E33: 12382659 | F33: 7059129.7 | G33: 1.2273839e+08 | H33: 69215239 | I33: 4200 | K33: 34194851 | L33: 19566911 | M33: 148409 | N33: 63067.09 | O33: 787100 | Q33: 2.913424e+08 | R33: 1.4080052e+08 | U33: 76000 | V33: 38000 | W33: 55711540 | X33: 25205499 | AA33: 60000 | AB33: 41032 | AE33: 85000 | AF33: 10000 | AG33: 839661 | AH33: 704962 | AI33: 1.2364136e+08 | AJ33: 64736335 | AK33: 3.1737464e+08 | AL33: 1.7097551e+08 | AO33: 29136096 | AP33: 10664454 | AQ33: 1.5514021e+08 | AR33: 34301077 | AS33: 91981523 | AT33: 3322618.3 | AU33: 2.3753898e+08 | AV33: 1.0853674e+08 | AW33: 90563678 | AX33: 42903514 | BA33: 15925459 | BB33: 7420379 | BC33: 1.0701554e+09 | BD33: 6.0810693e+08 | BE33: 2.2245369e+09 | BF33: 1.2416381e+09 | BG33: 59574374 | BH33: 18029002 | BI33: 66502349 | BJ33: 35847251 | BK33: 147562600 | BL33: 71523944 | BM33: 22469025 | BN33: 10980497 | BO33: 5414904 | BP33: 2026981.2 | BQ33: 958656273 | BR33: 4.7707497e+08 | BS33: 135918685 | BT33: 66368819 | BU33: 46187637 | BV33: 26336763 | BW33: 20929048 | BX33: 3735604.6 | CE33: 7490000 | CF33: 3698888 | CG33: 106962500 | CH33: 47497813
B34: г.Курчатов | C34: 1353559 | D34: 570158.96 | E34: 3399589 | F34: 1497150.4 | G34: 33713916 | H34: 15197252 | I34: 2300 | K34: 6720615 | L34: 3424214.8 | O34: 63045.92 | Q34: 23514657 | R34: 9940123.7 | W34: 14859775 | X34: 6383142 | AC34: 240708 | AD34: 104601.15 | AK34: 5868000 | AL34: 3876066 | AO34: 491500 | AP34: 208199.95 | AQ34: 4160712.2 | AS34: 3383708.7 | AT34: 230000 | AU34: 15683000 | AV34: 6521429.7 | BC34: 1.3352315e+08 | BD34: 69963032 | BE34: 2.3497866e+08 | BF34: 1.3126386e+08 | BG34: 3386805.1 | BH34: 1658812.4 | BI34: 23461516 | BJ34: 10663674 | BK34: 30799013 | BL34: 13460356 | BM34: 157000 | BN34: 33977 | BO34: 480000 | BP34: 148626.98 | BQ34: 1.0327702e+08 | BR34: 59346801 | BS34: 14019133 | BT34: 6855599.4 | BU34: 6433806 | BV34: 2723461.6 | BW34: 5700994.7 | BX34: 2214319.8 | CE34: 1636078 | CF34: 765000 | CG34: 11279000 | CH34: 4786229.2
B35: г.Льгов | C35: 1116600 | D35: 493449.09 | E35: 1926500 | F35: 1012729.3 | G35: 11752000 | H35: 5748242.1 | K35: 2123000 | L35: 956307.5 | O35: 14590 | Q35: 4213813 | R35: 1831130.6 | W35: 3671100 | X35: 2299830.9 | AC35: 237000 | AD35: 118500 | AK35: 5006952 | AL35: 4458275.8 | AQ35: 16258742 | AS35: 300000 | AT35: 244122 | AU35: 2270000 | AV35: 1441382.9 | BC35: 40509131 | BD35: 19392284 | BE35: 103351153 | BF35: 58237831 | BG35: 632251 | BH35: 416938.56 | BI35: 5261852 | BJ35: 2470974.5 | BK35: 5822500 | BL35: 2656624.3 | BO35: 614500 | BP35: 188260.22 | BQ35: 13812547 | BR35: 7117833.7 | BS35: 6250200 | BT35: 3284301.1 | BU35: 1659000 | BV35: 762257.97 | BY35: 1546400 | BZ35: 781628.77 | CE35: 2145700 | CF35: 988868.17 | CG35: 1000000 | CH35: 603447.97
B36: г.Щигры | C36: 1084300 | D36: 559863 | G36: 9063688 | H36: 4404629 | K36: 3386151 | L36: 1545112.6 | O36: 14000 | Q36: 10753561 | R36: 5597222.6 | U36: 5400 | V36: 3305.4 | W36: 1323807 | X36: 645570.53 | AC36: 281183 | AD36: 157548.77 | AK36: 3131570 | AL36: 1151897 | AQ36: 340000 | AR36: 65949 | AS36: 1058549 | AT36: 195879 | AU36: 5791268 | AV36: 4176921.9 | AY36: 2116 | AZ36: 2116 | BC36: 63601210 | BD36: 26885995 | BE36: 90634323 | BF36: 44505913 | BG36: 752242.08 | BH36: 602092.08 | BI36: 4445951.9 | BJ36: 2376279.9 | BK36: 14091848 | BL36: 5749935 | BM36: 160000 | BN36: 159900 | BQ36: 12609470 | BR36: 6574429.4 | BS36: 6122569 | BT36: 2787178.2 | BU36: 1659000 | BV36: 828250 | BY36: 10000 | BZ36: 7540 | CG36: 1600000 | CH36: 939580.55
C37: 1.753116e+08 | D37: 83052377 | E37: 50482999 | F37: 25120387 | G37: 9.2899309e+08 | H37: 4.7678987e+08 | I37: 9200 | K37: 1.3719708e+08 | L37: 69052339 | M37: 7746370 | N37: 561086.09 | O37: 29023693 | P37: 0 | Q37: 9.8782553e+08 | R37: 4.3425363e+08 | S37: 22310202 | T37: 8661628.5 | U37: 84400 | V37: 41305.4 | W37: 1.2291722e+08 | X37: 54538327 | Y37: 4852777.4 | Z37: 1361986.9 | AA37: 2225846.3 | AB37: 379821.84 | AC37: 4400754.5 | AD37: 1844091.5 | AE37: 85000 | AF37: 10000 | AG37: 839661 | AH37: 704962 | AI37: 1.5242626e+08 | AJ37: 79468827 | AK37: 7.4809928e+08 | AL37: 2.3262296e+08 | AM37: 55250 | AO37: 97238564 | AP37: 22850731 | AQ37: 2.8409008e+08 | AR37: 52808354 | AS37: 3.5530723e+08 | AT37: 73512950 | AU37: 5.265107e+08 | AV37: 2.450555e+08 | AW37: 1.1431618e+08 | AX37: 55428754 | AY37: 832616 | AZ37: 2116 | BA37: 15955459 | BB37: 7420379 | BC37: 2.5220436e+09 | BD37: 1.3284924e+09 | BE37: 8.4805636e+09 | BF37: 4.5342513e+09 | BG37: 1.3934636e+08 | BH37: 51545789 | BI37: 3.8536658e+08 | BJ37: 1.8010038e+08 | BK37: 1.1263548e+09 | BL37: 4.7816266e+08 | BM37: 1.2182792e+08 | BN37: 56491954 | BO37: 29774529 | BP37: 13362964 | BQ37: 1.9762623e+09 | BR37: 1.0569211e+09 | BS37: 387263052 | BT37: 1.7987581e+08 | BU37: 1.1925531e+08 | BV37: 60738788 | BW37: 38194136 | BX37: 11153670 | BY37: 1.3301009e+08 | BZ37: 36718677 | CA37: 120000 | CB37: 102380 | CC37: 3221300 | CD37: 1691554.5 | CE37: 19031378 | CF37: 8909056.2 | CG37: 1.3017899e+08 | CH37: 56574746 | CI37: 4531188.9 | CJ37: 0 | CK37: 3327907 | CL37: 0
C38: =SUM(C4:C36) -> 1.753116e+08 | D38: =SUM(D4:D36) -> 83052377 | E38: =SUM(E4:E36) -> 50482999 | F38: =SUM(F4:F36) -> 25120387 | G38: =SUM(G4:G36) -> 9.2899309e+08 | H38: =SUM(H4:H36) -> 4.7678987e+08 | I38: =SUM(I4:I36) -> 9200 | J38: =SUM(J4:J36) -> 0 | ... CL38: =SUM(CL4:CL36) -> 0

Sheet лист
C1: Исполнение бюджетов муниципальных образований Курской области по расходам в разрезе разделов бюджетной классификации на 01.03.2026
AF2: тыс. рублей
B3: Наименование | C3: ОБЩЕГОСУДАРСТВЕННЫЕ ВОПРОСЫ (РЗ 0100) | E3: НАЦИОНАЛЬНАЯ ОБОРОНА (РЗ 0200) | G3: НАЦИОНАЛЬНАЯ БЕЗОПАСНОСТЬ И ПРАВООХРАНИТЕЛЬНАЯ ДЕЯТЕЛЬНОСТЬ (РЗ 0300) | I3: НАЦИОНАЛЬНАЯ ЭКОНОМИКА (РЗ 0400) | K3: ЖИЛИЩНО-КОММУНАЛЬНОЕ ХОЗЯЙСТВО (РЗ 0500) | M3: ОХРАНА ОКРУЖАЮЩЕЙ СРЕДЫ (РЗ 0600) | O3: ОБРАЗОВАНИЕ (РЗ 0700) | Q3: КУЛЬТУРА, КИНЕМАТОГРАФИЯ (РЗ 0800) | S3: ЗДРАВООХРАНЕНИЕ (РЗ 0900) | U3: СОЦИАЛЬНАЯ ПОЛИТИКА (РЗ 1000) | W3: ФИЗИЧЕСКАЯ КУЛЬТУРА И СПОРТ (РЗ 1100) | Y3: СРЕДСТВА МАССОВОЙ ИНФОРМАЦИИ (РЗ 1200) | AA3: ОБСЛУЖИВАНИЕ ГОСУДАРСТВЕННОГО И МУНИЦИПАЛЬНОГО ДОЛГА (РЗ 1300) | AC3: МЕЖБЮДЖЕТНЫЕ ТРАНСФЕРТЫ ОБЩЕГО ХАРАКТЕРА БЮДЖЕТАМ БЮДЖЕТНОЙ СИСТЕМЫ РОССИЙСКОЙ ФЕДЕРАЦИИ (РЗ 1400) | AE3: ВСЕГО РАСХОДЫ
C4: годовые назначения | D4: фактически исполнено | E4: годовые назначения | F4: фактически исполнено | G4: годовые назначения | H4: фактически исполнено | I4: годовые назначения | J4: фактически исполнено | K4: годовые назначения | L4: фактически исполнено | M4: годовые назначения | N4: фактически исполнено | O4: годовые назначения | P4: фактически исполнено | Q4: годовые назначения | R4: фактически исполнено | S4: годовые назначения | T4: фактически исполнено | U4: годовые назначения | V4: фактически исполнено | W4: годовые назначения | X4: фактически исполнено | Y4: годовые назначения | Z4: фактически исполнено | AA4: годовые назначения | AB4: фактически исполнено | AC4: годовые назначения | AD4: фактически исполнено | AE4: годовые назначения | AF4: фактически исполнено
A5: 1 | B5: Беловский район | C5: =[1]РаЗделы!CZ4 -> 75747.724 | D5: =[1]РаЗделы!DA4 -> 7088.6732 | E5: =[1]РаЗделы!DB4 -> 0 | F5: =[1]РаЗделы!DC4 -> 0 | G5: =[1]РаЗделы!DD4 -> 4743 | H5: =[1]РаЗделы!DE4 -> 373.29764 | I5: =[1]РаЗделы!DF4 -> 53151.764 | J5: =[1]РаЗделы!DG4 -> 4071.5752 | ... AF5: =[1]РаЗделы!EC4 -> 63856.857
A6: 2 | B6: Большесолдатский район | C6: =[1]РаЗделы!CZ5 -> 40195.667 | D6: =[1]РаЗделы!DA5 -> 7973.1899 | E6: =[1]РаЗделы!DB5 -> 0 | F6: =[1]РаЗделы!DC5 -> 0 | G6: =[1]РаЗделы!DD5 -> 292 | H6: =[1]РаЗделы!DE5 -> 0 | I6: =[1]РаЗделы!DF5 -> 10612.757 | J6: =[1]РаЗделы!DG5 -> 470.49707 | ... AF6: =[1]РаЗделы!EC5 -> 44119.674
A7: 3 | B7: Глушковский район | C7: =[1]РаЗделы!CZ6 -> 199069.59 | D7: =[1]РаЗделы!DA6 -> 7822.2777 | E7: =[1]РаЗделы!DB6 -> 0 | F7: =[1]РаЗделы!DC6 -> 0 | G7: =[1]РаЗделы!DD6 -> 51 | H7: =[1]РаЗделы!DE6 -> 0 | I7: =[1]РаЗделы!DF6 -> 24710.969 | J7: =[1]РаЗделы!DG6 -> 0 | ... AF7: =[1]РаЗделы!EC6 -> 59509.617
A8: 4 | B8: Горшеченский район | C8: =[1]РаЗделы!CZ7 -> 68495.16 | D8: =[1]РаЗделы!DA7 -> 14708.774 | E8: =[1]РаЗделы!DB7 -> 0 | F8: =[1]РаЗделы!DC7 -> 0 | G8: =[1]РаЗделы!DD7 -> 800 | H8: =[1]РаЗделы!DE7 -> 563.90537 | I8: =[1]РаЗделы!DF7 -> 68051.328 | J8: =[1]РаЗделы!DG7 -> 2658.3467 | ... AF8: =[1]РаЗделы!EC7 -> 82248.269
A9: 5 | B9: Дмитриевский район | C9: =[1]РаЗделы!CZ8 -> 45381.395 | D9: =[1]РаЗделы!DA8 -> 7889.1083 | E9: =[1]РаЗделы!DB8 -> 0 | F9: =[1]РаЗделы!DC8 -> 0 | G9: =[1]РаЗделы!DD8 -> 3583.507 | H9: =[1]РаЗделы!DE8 -> 511.32413 | I9: =[1]РаЗделы!DF8 -> 29372.207 | J9: =[1]РаЗделы!DG8 -> 2680.3339 | ... AF9: =[1]РаЗделы!EC8 -> 65357.964
A10: 6 | B10: Железногорский район | C10: =[1]РаЗделы!CZ9 -> 59553.442 | D10: =[1]РаЗделы!DA9 -> 9416.1305 | E10: =[1]РаЗделы!DB9 -> 0 | F10: =[1]РаЗделы!DC9 -> 0 | G10: =[1]РаЗделы!DD9 -> 8897.972 | H10: =[1]РаЗделы!DE9 -> 0 | I10: =[1]РаЗделы!DF9 -> 28621.587 | J10: =[1]РаЗделы!DG9 -> 2483.1227 | ... AF10: =[1]РаЗделы!EC9 -> 78455.685
A11: 7 | B11: Золотухинский район | C11: =[1]РаЗделы!CZ10 -> 50936.957 | D11: =[1]РаЗделы!DA10 -> 8603.8835 | E11: =[1]РаЗделы!DB10 -> 0 | F11: =[1]РаЗделы!DC10 -> 0 | G11: =[1]РаЗделы!DD10 -> 5723.447 | H11: =[1]РаЗделы!DE10 -> 896.98135 | I11: =[1]РаЗделы!DF10 -> 98595.698 | J11: =[1]РаЗделы!DG10 -> 1606.5427 | ... AF11: =[1]РаЗделы!EC10 -> 99787.032
A12: 8 | B12: Касторенский район | C12: =[1]РаЗделы!CZ11 -> 40661.168 | D12: =[1]РаЗделы!DA11 -> 8848.8316 | E12: =[1]РаЗделы!DB11 -> 0 | F12: =[1]РаЗделы!DC11 -> 0 | G12: =[1]РаЗделы!DD11 -> 870.9 | H12: =[1]РаЗделы!DE11 -> 375.22552 | I12: =[1]РаЗделы!DF11 -> 42187.907 | J12: =[1]РаЗделы!DG11 -> 3140.5066 | ... AF12: =[1]РаЗделы!EC11 -> 77094.282
A13: 9 | B13: Конышевский район | C13: =[1]РаЗделы!CZ12 -> 45128.405 | D13: =[1]РаЗделы!DA12 -> 6835.7354 | E13: =[1]РаЗделы!DB12 -> 0 | F13: =[1]РаЗделы!DC12 -> 0 | G13: =[1]РаЗделы!DD12 -> 1365 | H13: =[1]РаЗделы!DE12 -> 149.11818 | I13: =[1]РаЗделы!DF12 -> 19762.967 | J13: =[1]РаЗделы!DG12 -> 1403.488 | ... AF13: =[1]РаЗделы!EC12 -> 47255.833
A14: 10 | B14: Кореневский район | C14: =[1]РаЗделы!CZ13 -> 274759.89 | D14: =[1]РаЗделы!DA13 -> 8206.3468 | E14: =[1]РаЗделы!DB13 -> 0 | F14: =[1]РаЗделы!DC13 -> 0 | G14: =[1]РаЗделы!DD13 -> 2162.3 | H14: =[1]РаЗделы!DE13 -> 54.2761 | I14: =[1]РаЗделы!DF13 -> 27504.333 | J14: =[1]РаЗделы!DG13 -> 94.18968 | ... AF14: =[1]РаЗделы!EC13 -> 58645.729
A15: 11 | B15: Курский район | C15: =[1]РаЗделы!CZ14 -> 120652.4 | D15: =[1]РаЗделы!DA14 -> 20415.109 | E15: =[1]РаЗделы!DB14 -> 0 | F15: =[1]РаЗделы!DC14 -> 0 | G15: =[1]РаЗделы!DD14 -> 1162.96 | H15: =[1]РаЗделы!DE14 -> 68.32 | I15: =[1]РаЗделы!DF14 -> 151727.55 | J15: =[1]РаЗделы!DG14 -> 3043.0562 | ... AF15: =[1]РаЗделы!EC14 -> 170273.4
A16: 12 | B16: Курчатовский район | C16: =[1]РаЗделы!CZ15 -> 49024.557 | D16: =[1]РаЗделы!DA15 -> 11530.115 | E16: =[1]РаЗделы!DB15 -> 0 | F16: =[1]РаЗделы!DC15 -> 0 | G16: =[1]РаЗделы!DD15 -> 113.12 | H16: =[1]РаЗделы!DE15 -> 0 | I16: =[1]РаЗделы!DF15 -> 8844.945 | J16: =[1]РаЗделы!DG15 -> 2540.1142 | ... AF16: =[1]РаЗделы!EC15 -> 71205.31
... A32: 28 | B32: Щигровский район | C32: =[1]РаЗделы!CZ31 -> 41573.249 | D32: =[1]РаЗделы!DA31 -> 12680.872 | E32: =[1]РаЗделы!DB31 -> 0 | F32: =[1]РаЗделы!DC31 -> 0 | G32: =[1]РаЗделы!DD31 -> 7520.6074 | H32: =[1]РаЗделы!DE31 -> 638.75126 | I32: =[1]РаЗделы!DF31 -> 18644.794 | J32: =[1]РаЗделы!DG31 -> 6239.3771 | ... AF32: =[1]РаЗделы!EC31 -> 78849.091
B33: Итого муниципальные районы | C33: =SUM(C5:C32) -> 2586164.6 | D33: =SUM(D5:D32) -> 301243.5 | E33: =SUM(E5:E32) -> 0 | F33: =SUM(F5:F32) -> 0 | G33: =SUM(G5:G32) -> 78223.381 | H33: =SUM(H5:H32) -> 12549.883 | I33: =SUM(I5:I32) -> 1298644 | J33: =SUM(J5:J32) -> 45491.553 | ... AF33: =SUM(AF5:AF32) -> 2190270.5
A34: 1 | B34: г.Железногорск | C34: =[1]РаЗделы!CZ32 -> 698880.78 | D34: =[1]РаЗделы!DA32 -> 72566.253 | E34: =[1]РаЗделы!DB32 -> 0 | F34: =[1]РаЗделы!DC32 -> 0 | G34: =[1]РаЗделы!DD32 -> 28436.887 | H34: =[1]РаЗделы!DE32 -> 2364.9016 | I34: =[1]РаЗделы!DF32 -> 163065.65 | J34: =[1]РаЗделы!DG32 -> 8668.7011 | ... AF34: =[1]РаЗделы!EC32 -> 575589.17
A35: 2 | B35: г.Курск | C35: =[1]РаЗделы!CZ33 -> 1139640.4 | D35: =[1]РаЗделы!DA33 -> 112235.65 | E35: =[1]РаЗделы!DB33 -> 0 | F35: =[1]РаЗделы!DC33 -> 0 | G35: =[1]РаЗделы!DD33 -> 131628.1 | H35: =[1]РаЗделы!DE33 -> 12141.969 | I35: =[1]РаЗделы!DF33 -> 1077840.9 | J35: =[1]РаЗделы!DG33 -> 111833.23 | ... AF35: =[1]РаЗделы!EC33 -> 1971978.6
A36: 3 | B36: г.Курчатов | C36: =[1]РаЗделы!CZ34 -> 463567.89 | D36: =[1]РаЗделы!DA34 -> 28984.497 | E36: =[1]РаЗделы!DB34 -> 0 | F36: =[1]РаЗделы!DC34 -> 0 | G36: =[1]РаЗделы!DD34 -> 70653.95 | H36: =[1]РаЗделы!DE34 -> 7249.8131 | I36: =[1]РаЗделы!DF34 -> 48533.424 | J36: =[1]РаЗделы!DG34 -> 1592.187 | ... AF36: =[1]РаЗделы!EC34 -> 389294.71
A37: 4 | B37: г.Льгов | C37: =[1]РаЗделы!CZ35 -> 53228.07 | D37: =[1]РаЗделы!DA35 -> 4845.3422 | E37: =[1]РаЗделы!DB35 -> 0 | F37: =[1]РаЗделы!DC35 -> 0 | G37: =[1]РаЗделы!DD35 -> 13215.974 | H37: =[1]РаЗделы!DE35 -> 1233.4404 | I37: =[1]РаЗделы!DF35 -> 5514.018 | J37: =[1]РаЗделы!DG35 -> 927.27005 | ... AF37: =[1]РаЗделы!EC35 -> 56160.414
A38: 5 | B38: г.Щигры | C38: =[1]РаЗделы!CZ36 -> 57811.898 | D38: =[1]РаЗделы!DA36 -> 9959.4104 | E38: =[1]РаЗделы!DB36 -> 4.624 | F38: =[1]РаЗделы!DC36 -> 0 | G38: =[1]РаЗделы!DD36 -> 3807.793 | H38: =[1]РаЗделы!DE36 -> 755.08475 | I38: =[1]РаЗделы!DF36 -> 12994.387 | J38: =[1]РаЗделы!DG36 -> 1678.3625 | ... AF38: =[1]РаЗделы!EC36 -> 61341.527
B39: Итого города | C39: =SUM(C34:C38) -> 2413129 | D39: =SUM(D34:D38) -> 228591.16 | E39: =SUM(E34:E38) -> 4.624 | F39: =SUM(F34:F38) -> 0 | G39: =SUM(G34:G38) -> 247742.7 | H39: =SUM(H34:H38) -> 23745.209 | I39: =SUM(I34:I38) -> 1307948.4 | J39: =SUM(J34:J38) -> 124699.75 | ... AF39: =SUM(AF34:AF38) -> 3054364.4
B40: Итого по поселениям | C40: =[1]РаЗделы!CZ352 -> 1918785.1 | D40: =[1]РаЗделы!DA352 -> 197192.34 | E40: =[1]РаЗделы!DB352 -> 78413.134 | F40: =[1]РаЗделы!DC352 -> 9691.2699 | G40: =[1]РаЗделы!DD352 -> 21442.672 | H40: =[1]РаЗделы!DE352 -> 2957.9448 | I40: =[1]РаЗделы!DF352 -> 371299.99 | J40: =[1]РаЗделы!DG352 -> 31068.169 | ... AF40: =[1]РаЗделы!EC352 -> 319001.64
B41: Всего местные бюджеты | C41: =C33+C39+C40 -> 6918078.6 | D41: =D33+D39+D40 -> 727027 | E41: =E33+E39+E40 -> 78417.758 | F41: =F33+F39+F40 -> 9691.2699 | G41: =G33+G39+G40 -> 347408.76 | H41: =H33+H39+H40 -> 39253.037 | I41: =I33+I39+I40 -> 2977892.3 | J41: =J33+J39+J40 -> 201259.48 | ... AF41: =AF33+AF39+AF40 -> 5563636.6

Sheet диаграмма
B1: ИСПОЛНЕНИЕ КОНСОЛИДИРОВАННЫХ БЮДЖЕТОВ РАЙОНОВ И ГОРОДСКИХ ОКРУГОВ ЗА ПЕРВОЕ ПОЛУГОДИЕ 2015 Г.
DB2: в рублях
B3: Наименование | C3: 0100 исполнение | D3: Функционирование высшего должностного лица субъекта Российской Федерации и муниципального образования | F3: Функционирование законодательных (представительных) органов государственной власти и представительных органов муниципальных образований | H3: Функционирование Правительства Российской Федерации, высших исполнительных органов государственной власти субъектов Российской Федерации, местных администраций | J3: Судебная система | L3: Обеспечение деятельности финансовых, налоговых и таможенных органов и органов финансового (финансово-бюджетного) надзора | N3: Обеспечение проведения выборов и референдумов | P3: Резервные фонды | R3: Другие общегосударственные вопросы | CX3: Прочие межбюджетные трансферты общего характера | DA3: ВСЕГО РАСХОДЫ
C4: Общегосударственные вопросы | D4: Утверждено в бюджете | E4: Исполнение бюджета по состоянию на 01.07.2015г. | F4: Утверждено в бюджете | G4: Исполнение бюджета по состоянию на 01.07.2015г. | H4: Утверждено в бюджете | I4: Исполнение бюджета по состоянию на 01.07.2015г. | J4: Утверждено в бюджете | K4: Исполнение бюджета по состоянию на 01.07.2015г. | L4: Утверждено в бюджете | M4: Исполнение бюджета по состоянию на 01.07.2015г. | N4: Утверждено в бюджете | O4: Исполнение бюджета по состоянию на 01.07.2015г. | P4: Утверждено в бюджете | Q4: Исполнение бюджета по состоянию на 01.07.2015г. | R4: Утверждено в бюджете | S4: Исполнение бюджета по состоянию на 01.07.2015г. | T4: Утверждено в бюджете | U4: Национальная оборона | V4: Исполнение бюджета по состоянию на 01.07.2015г. | W4: Утверждено в бюджете | X4: Исполнение бюджета по состоянию на 01.07.2015г. | Y4: Утверждено в бюджете | Z4: Национальная безопасность и правоохранительная деятельность | AA4: Исполнение бюджета по состоянию на 01.07.2015г. | AB4: Утверждено в бюджете | AC4: Исполнение бюджета по состоянию на 01.07.2015г. | AD4: Утверждено в бюджете | AE4: Исполнение бюджета по состоянию на 01.07.2015г. | AF4: Утверждено в бюджете | AG4: Национальная экономика | AH4: Исполнение бюджета по состоянию на 01.07.2015г. | AI4: Утверждено в бюджете | AJ4: Исполнение бюджета по состоянию на 01.07.2015г. | AK4: Утверждено в бюджете | AL4: Исполнение бюджета по состоянию на 01.07.2015г. | AM4: Утверждено в бюджете | AN4: Исполнение бюджета по состоянию на 01.07.2015г. | AO4: Утверждено в бюджете | AP4: Исполнение бюджета по состоянию на 01.07.2015г. | AQ4: Утверждено в бюджете | AR4: Исполнение бюджета по состоянию на 01.07.2015г. | AS4: Утверждено в бюджете | AT4: Исполнение бюджета по состоянию на 01.07.2015г. | AU4: Утверждено в бюджете | AV4: Жилищно-коммунальное хозяйство | AW4: Исполнение бюджета по состоянию на 01.07.2015г. | AX4: Утверждено в бюджете | AY4: Исполнение бюджета по состоянию на 01.07.2015г. | AZ4: Утверждено в бюджете | BA4: Исполнение бюджета по состоянию на 01.07.2015г. | BB4: Утверждено в бюджете | BC4: Исполнение бюджета по состоянию на 01.07.2015г. | BD4: Утверждено в бюджете | BE4: Охрана окружающей среды | BF4: Исполнение бюджета по состоянию на 01.07.2015г. | BG4: Утверждено в бюджете | BH4: Исполнение бюджета по состоянию на 01.07.2015г. | BI4: Утверждено в бюджете | BJ4: Образование | BK4: Исполнение бюджета по состоянию на 01.07.2015г. | BL4: Утверждено в бюджете | BM4: Исполнение бюджета по состоянию на 01.07.2015г. | BN4: Утверждено в бюджете | BO4: Исполнение бюджета по состоянию на 01.07.2015г. | BP4: Утверждено в бюджете | BQ4: Исполнение бюджета по состоянию на 01.07.2015г. | BR4: Утверждено в бюджете | BS4: Культура, кинематография | BT4: Исполнение бюджета по состоянию на 01.07.2015г. | BU4: Утверждено в бюджете | BV4: Исполнение бюджета по состоянию на 01.07.2015г. | BW4: Утверждено в бюджете | BX4: Социальная политика | BY4: Исполнение бюджета по состоянию на 01.07.2015г. | BZ4: Утверждено в бюджете | CA4: Исполнение бюджета по состоянию на 01.07.2015г. | CB4: Утверждено в бюджете | CC4: Исполнение бюджета по состоянию на 01.07.2015г. | CD4: Утверждено в бюджете | CE4: Исполнение бюджета по состоянию на 01.07.2015г. | CF4: Утверждено в бюджете | CG4: Физическая культура и спорт | CH4: Исполнение бюджета по состоянию на 01.07.2015г. | CI4: Утверждено в бюджете | CJ4: Исполнение бюджета по состоянию на 01.07.2015г. | CK4: Утверждено в бюджете | CL4: Исполнение бюджета по состоянию на 01.07.2015г. | CM4: Утверждено в бюджете | CN4: Исполнение бюджета по состоянию на 01.07.2015г. | CO4: Утверждено в бюджете | CP4: Средства массовой информации | CQ4: Исполнение бюджета по состоянию на 01.07.2015г. | CR4: Утверждено в бюджете | CS4: Обслуживание государственного и муниципального долга | CT4: Исполнение бюджета по состоянию на 01.07.2015г. | CU4: Утверждено в бюджете | CV4: Межбюджетные трансферты общего характера бюджетам бюджетной системы Российской Федерации | CW4: Исполнение бюджета по состоянию на 01.07.2015г. | CX4: Утверждено в бюджете | CY4: Исполнение бюджета по состоянию на 01.07.2015г. | DA4: Утверждено в бюджете | DB4: Исполнение бюджета по состоянию на 01.07.2015г.
B5: Беловский район | D5: 6508589 | E5: 3125862.6 | F5: 990000 | G5: 477909.22 | H5: 24665582 | I5: 13868712 | L5: 3100000 | M5: 1611181.8 | N5: 313019 | O5: 63019 | P5: 7221241 | Q5: 0 | R5: 10648062 | S5: 5537871.7 | T5: 872466 | V5: 386575.07 | Y5: 1651000 | AA5: 738090.06 | AB5: 18305 | AC5: 0 | AD5: 97600 | AE5: 2759 | AM5: 500000 | AN5: 279666 | AO5: 10115529 | AP5: 337848.88 | AS5: 2998185 | AT5: 14000 | AX5: 4662204 | AY5: 952136.68 | AZ5: 4926243.7 | BA5: 1956213 | BI5: 30354002 | BK5: 14841830 | BL5: 204845197 | BM5: 1.041678e+08 | BN5: 5049253 | BO5: 1609693.4 | BP5: 5570426 | BQ5: 2572002.7 | BR5: 24295477 | BT5: 10472091 | BU5: 2132976 | BV5: 1197189 | BW5: 265800 | BY5: 103705.94 | BZ5: 27549553 | CA5: 16647016 | CB5: 4076215 | CC5: 1699162.1 | CD5: 1243000 | CE5: 615696.28 | CI5: 436435 | CJ5: 109599.1 | CR5: 100000 | CT5: 459.6 | CU5: 0 | CW5: 0 | DA5: =D5+F5+H5+J5+L5+N5+P5+R5+T5+W5+Y5+AB5+AD5+AF5+AI5+AK5+AM5+AO5+AQ5+AS5+AU5+AX5+AZ5+BB5+BD5+BG5+BI5+BL5+BN5+BP5+BR5+BU5+BW5+BZ5+CB5+CD5+CF5+CI5+CK5+CM5+CO5+CR5+CU5+CX5 -> 3.8520636e+08 | DB5: =E5+G5+I5+K5+M5+O5+Q5+S5+V5+X5+AA5+AE5+AH5+AJ5+AL5+AN5+AP5+AR5+AT5+AW5+AY5+BA5+BC5+BF5+BH5+BK5+BM5+BO5+BQ5+BT5+BV5+BY5+CA5+CC5+CE5+CH5+CJ5+CL5+CN5+CQ5+CT5+CW5+CY5 -> 1.8338809e+08
B6: Большесолдатский район | D6: 4162297 | E6: 1961591.3 | F6: 934700 | G6: 577795.95 | H6: 17347998 | I6: 8834626.1 | L6: 2898950 | M6: 1746847.1 | N6: 240000 | P6: 267000 | R6: 11081539 | S6: 3588401.7 | T6: 436233 | V6: 186126.15 | AD6: 15010 | AF6: 271985 | AH6: 142691.03 | AM6: 500000 | AN6: 300000 | AO6: 17963300 | AP6: 30413.32 | AS6: 1570000 | AT6: 40000 | AU6: 4100 | AX6: 12682596 | AY6: 262835.66 | AZ6: 2671100 | BA6: 765107.38 | BI6: 16585561 | BK6: 6872490.8 | BL6: 171054381 | BM6: 80431462 | BN6: 1132083 | BO6: 761045.18 | BP6: 6742962 | BQ6: 3201571.2 | BR6: 22702415 | BT6: 10036732 | BU6: 2886776 | BV6: 1554308.7 | BW6: 326834 | BY6: 102207.83 | BZ6: 19604523 | CA6: 11606618 | CB6: 5633340 | CC6: 3094887.6 | CD6: 1185000 | CE6: 576606.37 | CI6: 110000 | CJ6: 57310 | CR6: 13001 | CT6: 0 | CU6: 0 | CW6: 0 | DA6: =D6+F6+H6+J6+L6+N6+P6+R6+T6+W6+Y6+AB6+AD6+AF6+AI6+AK6+AM6+AO6+AQ6+AS6+AU6+AX6+AZ6+BB6+BD6+BG6+BI6+BL6+BN6+BP6+BR6+BU6+BW6+BZ6+CB6+CD6+CF6+CI6+CK6+CM6+CO6+CR6+CU6+CX6 -> 3.2102368e+08 | DB6: =E6+G6+I6+K6+M6+O6+Q6+S6+V6+X6+AA6+AE6+AH6+AJ6+AL6+AN6+AP6+AR6+AT6+AW6+AY6+BA6+BC6+BF6+BH6+BK6+BM6+BO6+BQ6+BT6+BV6+BY6+CA6+CC6+CE6+CH6+CJ6+CL6+CN6+CQ6+CT6+CW6+CY6 -> 1.3673168e+08
B7: Глушковский район | D7: 5737445.6 | E7: 2453282.2 | F7: 1972000 | G7: 877634.69 | H7: 34794074 | I7: 16589781 | L7: 433100 | M7: 228087.04 | N7: 141000 | O7: 70000 | P7: 50000 | R7: 10127293 | S7: 5041923 | T7: 872466 | V7: 361206.96 | AB7: 97500 | AC7: 22249.3 | AD7: 36500 | AM7: 300000 | AN7: 50000 | AO7: 9816757.5 | AP7: 1288373.4 | AS7: 1095000 | AT7: 435773.41 | AU7: 70000 | AW7: 42556.12 | AX7: 3413740 | AY7: 665862.41 | AZ7: 7622186.5 | BA7: 4853781.5 | BI7: 53879407 | BK7: 27027881 | BL7: 206307145 | BM7: 1.0466186e+08 | BN7: 3677539 | BO7: 1058440.9 | BP7: 6263577 | BQ7: 2221607.8 | BR7: 28716373 | BT7: 11185095 | BU7: 1086176 | BV7: 430460.35 | BW7: 164383 | BY7: 63421.88 | BZ7: 31586449 | CA7: 17091021 | CB7: 9073008 | CC7: 4063304.5 | CF7: 473000 | CH7: 213880 | CR7: 2030720 | CT7: 848903.68 | CU7: 0 | CW7: 0 | DA7: =D7+F7+H7+J7+L7+N7+P7+R7+T7+W7+Y7+AB7+AD7+AF7+AI7+AK7+AM7+AO7+AQ7+AS7+AU7+AX7+AZ7+BB7+BD7+BG7+BI7+BL7+BN7+BP7+BR7+BU7+BW7+BZ7+CB7+CD7+CF7+CI7+CK7+CM7+CO7+CR7+CU7+CX7 -> 4.1983684e+08 | DB7: =E7+G7+I7+K7+M7+O7+Q7+S7+V7+X7+AA7+AE7+AH7+AJ7+AL7+AN7+AP7+AR7+AT7+AW7+AY7+BA7+BC7+BF7+BH7+BK7+BM7+BO7+BQ7+BT7+BV7+BY7+CA7+CC7+CE7+CH7+CJ7+CL7+CN7+CQ7+CT7+CW7+CY7 -> 2.0182413e+08
B8: Горшеченский район | D8: 6912615 | E8: 3516757.6 | F8: 837220 | G8: 414033.01 | H8: 25877641 | I8: 13987175 | L8: 3409720 | M8: 1436113.7 | P8: 250000 | R8: 43012789 | S8: 23351017 | T8: 997104 | V8: 404189.44 | Y8: 446000 | AA8: 159100 | AB8: 135957 | AC8: 84483.27 | AO8: 10126064 | AP8: 2258085.8 | AS8: 256419.84 | AT8: 18368.78 | AU8: 447400 | AW8: 88100.06 | AX8: 12760742 | AY8: 5732820.5 | AZ8: 5524089.9 | BA8: 2513040.3 | BI8: 17312921 | BK8: 8234744.5 | BL8: 204022380 | BM8: 1.0703498e+08 | BN8: 2418735 | BO8: 568375.23 | BP8: 6319785 | BQ8: 2989268.9 | BR8: 31676903 | BT8: 12466522 | BU8: 2515926 | BV8: 1384238.2 | BW8: 694265 | BY8: 318443.99 | BZ8: 27902326 | CA8: 15481603 | CB8: 4220227 | CC8: 1618192.4 | CD8: 1485000 | CE8: 877314.18 | CF8: 403000 | CH8: 247650 | CR8: 350500 | CU8: 0 | CW8: 0 | DA8: =D8+F8+H8+J8+L8+N8+P8+R8+T8+W8+Y8+AB8+AD8+AF8+AI8+AK8+AM8+AO8+AQ8+AS8+AU8+AX8+AZ8+BB8+BD8+BG8+BI8+BL8+BN8+BP8+BR8+BU8+BW8+BZ8+CB8+CD8+CF8+CI8+CK8+CM8+CO8+CR8+CU8+CX8 -> 4.1031573e+08 | DB8: =E8+G8+I8+K8+M8+O8+Q8+S8+V8+X8+AA8+AE8+AH8+AJ8+AL8+AN8+AP8+AR8+AT8+AW8+AY8+BA8+BC8+BF8+BH8+BK8+BM8+BO8+BQ8+BT8+BV8+BY8+CA8+CC8+CE8+CH8+CJ8+CL8+CN8+CQ8+CT8+CW8+CY8 -> 2.0510013e+08
B9: Дмитриевский район | D9: 4774055 | E9: 2444060.1 | F9: 657000 | G9: 216383.88 | H9: 24343875 | I9: 12246190 | L9: 3000000 | M9: 1417130.8 | N9: 750000 | P9: 554000 | R9: 11299510 | S9: 4965185.9 | T9: 498552 | V9: 188683.75 | W9: 2000 | Y9: 1034000 | AA9: 457410.36 | AD9: 7000 | AO9: 12620038 | AP9: 99760 | AS9: 543200 | AT9: 68088.96 | AU9: 29608233 | AW9: 6402815 | AX9: 37462969 | AY9: 18164368 | AZ9: 6774285.1 | BA9: 3926304.2 | BB9: 14000 | BI9: 25841710 | BK9: 13720643 | BL9: 134859300 | BM9: 68187488 | BN9: 1421759 | BO9: 661129.76 | BP9: 5497897 | BQ9: 2217901.3 | BR9: 24931765 | BT9: 9547253.5 | BU9: 5425276 | BV9: 2259457.7 | BW9: 727000 | BY9: 288821.91 | BZ9: 15531079 | CA9: 7592280.4 | CB9: 4544191 | CC9: 1872582.8 | CD9: 1659000 | CE9: 807383.15 | CI9: 311000 | CJ9: 112015 | CR9: 52000 | CT9: 0 | CU9: 0 | CW9: 0 | CX9: 0 | CY9: 0 | DA9: =D9+F9+H9+J9+L9+N9+P9+R9+T9+W9+Y9+AB9+AD9+AF9+AI9+AK9+AM9+AO9+AQ9+AS9+AU9+AX9+AZ9+BB9+BD9+BG9+BI9+BL9+BN9+BP9+BR9+BU9+BW9+BZ9+CB9+CD9+CF9+CI9+CK9+CM9+CO9+CR9+CU9+CX9 -> 3.5474469e+08 | DB9: =E9+G9+I9+K9+M9+O9+Q9+S9+V9+X9+AA9+AE9+AH9+AJ9+AL9+AN9+AP9+AR9+AT9+AW9+AY9+BA9+BC9+BF9+BH9+BK9+BM9+BO9+BQ9+BT9+BV9+BY9+CA9+CC9+CE9+CH9+CJ9+CL9+CN9+CQ9+CT9+CW9+CY9 -> 1.5786334e+08
B10: Железногорский район | D10: 7736105 | E10: 3651054.1 | F10: 1095783 | G10: 489169.75 | H10: 27291094 | I10: 14128898 | L10: 2823866 | M10: 1237663.2 | N10: 225000 | O10: 135000 | P10: 100000 | R10: 45999399 | S10: 11576688 | T10: 1246380 | V10: 371771.84 | Y10: 175000 | AB10: 722900 | AC10: 225761.16 | AD10: 200000 | AO10: 2919961.8 | AS10: 5604024.1 | AT10: 409423.68 | AU10: 8086575 | AX10: 26358001 | AY10: 7141060.7 | AZ10: 6891816 | BA10: 756146.56 | BI10: 37442419 | BK10: 18663343 | BL10: 1.4907715e+08 | BM10: 76045212 | BN10: 1240077 | BO10: 564574 | BP10: 7688346 | BQ10: 3381807.9 | BR10: 57931783 | BT10: 15103944 | BU10: 5891876 | BV10: 2539876.5 | BW10: 741200 | BY10: 163148.17 | BZ10: 18409890 | CA10: 9973829.4 | CB10: 5633293 | CC10: 2388801.8 | CD10: 2716949 | CE10: 1328862.4 | CF10: 574000 | CH10: 343208.17 | CI10: 208650 | CJ10: 145180 | CO10: 1716000 | CQ10: 624301.23 | CR10: 72584 | CT10: 0 | CU10: 0 | CW10: 0 | DA10: =D10+F10+H10+J10+L10+N10+P10+R10+T10+W10+Y10+AB10+AD10+AF10+AI10+AK10+AM10+AO10+AQ10+AS10+AU10+AX10+AZ10+BB10+BD10+BG10+BI10+BL10+BN10+BP10+BR10+BU10+BW10+BZ10+CB10+CD10+CF10+CI10+CK10+CM10+CO10+CR10+CU10+CX10 -> 4.2682012e+08 | DB10: =E10+G10+I10+K10+M10+O10+Q10+S10+V10+X10+AA10+AE10+AH10+AJ10+AL10+AN10+AP10+AR10+AT10+AW10+AY10+BA10+BC10+BF10+BH10+BK10+BM10+BO10+BQ10+BT10+BV10+BY10+CA10+CC10+CE10+CH10+CJ10+CL10+CN10+CQ10+CT10+CW10+CY10 -> 1.7116296e+08
B11: Золотухинский район | D11: 6229359 | E11: 2958744.4 | F11: 802300 | G11: 348842.89 | H11: 30396549 | I11: 13540733 | L11: 2058200 | M11: 1025083.3 | N11: 240000 | O11: 140000 | P11: 452000 | R11: 17092683 | S11: 6470491.9 | T11: 810147 | V11: 388281.24 | W11: 1000 | Y11: 4931967.4 | AA11: 1755724.4 | AB11: 1859900 | AC11: 452534.71 | AD11: 138600 | AE11: 19615 | AM11: 300000 | AN11: 118529.85 | AO11: 28100153 | AP11: 96683 | AS11: 1576265.6 | AT11: 505454.3 | AU11: 357547.3 | AW11: 42544.19 | AX11: 1597917 | AY11: 289621.5 | AZ11: 3636834.5 | BA11: 1755038.2 | BB11: 1322367.1 | BC11: 597484.65 | BG11: 30000 | BI11: 35442124 | BK11: 17608157 | BL11: 2.2359437e+08 | BM11: 1.1097092e+08 | BN11: 1815317.2 | BO11: 974937.23 | BP11: 7759311 | BQ11: 3580629.9 | BR11: 34120249 | BT11: 10640775 | BU11: 3625535.4 | BV11: 1310496 | BW11: 1615227 | BY11: 593839.96 | BZ11: 27281178 | CA11: 16653058 | CB11: 9806300 | CC11: 3808075.5 | CD11: 1926000 | CE11: 763680.75 | CF11: 327000 | CH11: 1440 | CI11: 269000 | CJ11: 35929 | CR11: 19200 | CT11: 0 | CU11: 0 | CW11: 0 | DA11: =D11+F11+H11+J11+L11+N11+P11+R11+T11+W11+Y11+AB11+AD11+AF11+AI11+AK11+AM11+AO11+AQ11+AS11+AU11+AX11+AZ11+BB11+BD11+BG11+BI11+BL11+BN11+BP11+BR11+BU11+BW11+BZ11+CB11+CD11+CF11+CI11+CK11+CM11+CO11+CR11+CU11+CX11 -> 4.495346e+08 | DB11: =E11+G11+I11+K11+M11+O11+Q11+S11+V11+X11+AA11+AE11+AH11+AJ11+AL11+AN11+AP11+AR11+AT11+AW11+AY11+BA11+BC11+BF11+BH11+BK11+BM11+BO11+BQ11+BT11+BV11+BY11+CA11+CC11+CE11+CH11+CJ11+CL11+CN11+CQ11+CT11+CW11+CY11 -> 1.9699481e+08
B12: Касторенский район | D12: 7703911 | E12: 3158995.9 | F12: 822000 | G12: 335654.25 | H12: 27825125 | I12: 11138062 | L12: 5232300 | M12: 2006927.6 | N12: 142600 | P12: 204954.18 | R12: 21825384 | S12: 10629520 | T12: 1059423 | V12: 155573.39 | Y12: 228400 | AA12: 30500 | AB12: 94600 | AC12: 21011.56 | AM12: 886200 | AN12: 225000 | AO12: 9128911.4 | AP12: 438447.37 | AS12: 1058700 | AT12: 197507.68 | AU12: 2762571 | AW12: 1239.96 | AX12: 7827230 | AY12: 919917.2 | AZ12: 5462899.2 | BA12: 2532739.1 | BI12: 21458122 | BK12: 10689986 | BL12: 185989468 | BM12: 1.0095357e+08 | BN12: 1324859 | BO12: 465768 | BP12: 7455761 | BQ12: 3212221.8 | BR12: 26437084 | BT12: 9560159.2 | BU12: 5018276 | BV12: 2074925.1 | BW12: 375000 | BY12: 236511.62 | BZ12: 26656015 | CA12: 13789432 | CB12: 5237879 | CC12: 2098902 | CD12: 1285000 | CE12: 684978.68 | CF12: 224000 | CH12: 69850 | CI12: 5720000 | CJ12: 571387.18 | CR12: 302631 | CT12: 20797.27 | CU12: 0 | CW12: 0 | DA12: =D12+F12+H12+J12+L12+N12+P12+R12+T12+W12+Y12+AB12+AD12+AF12+AI12+AK12+AM12+AO12+AQ12+AS12+AU12+AX12+AZ12+BB12+BD12+BG12+BI12+BL12+BN12+BP12+BR12+BU12+BW12+BZ12+CB12+CD12+CF12+CI12+CK12+CM12+CO12+CR12+CU12+CX12 -> 3.797493e+08 | DB12: =E12+G12+I12+K12+M12+O12+Q12+S12+V12+X12+AA12+AE12+AH12+AJ12+AL12+AN12+AP12+AR12+AT12+AW12+AY12+BA12+BC12+BF12+BH12+BK12+BM12+BO12+BQ12+BT12+BV12+BY12+CA12+CC12+CE12+CH12+CJ12+CL12+CN12+CQ12+CT12+CW12+CY12 -> 1.7619857e+08
B13: Конышевский район | D13: 5122576 | E13: 2349864.6 | F13: 621500 | G13: 285987.18 | H13: 18439080 | I13: 9727639.2 | J13: 850 | L13: 2473400 | M13: 1207267.3 | N13: 198250 | P13: 4829789 | R13: 13629991 | S13: 5538735.2 | T13: 560871 | V13: 198173.33 | Y13: 1571500 | AA13: 750145.75 | AD13: 45942.4 | AE13: 35942.4 | AM13: 262000 | AN13: 142000 | AO13: 26259542 | AP13: 1965384.2 | AS13: 539500 | AT13: 104665 | AU13: 182072.16 | AW13: 16847.46 | AX13: 21788791 | AY13: 1025898.1 | AZ13: 2467457.9 | BA13: 1332491.6 | BI13: 10779288 | BK13: 4550062.4 | BL13: 117088198 | BM13: 66600472 | BN13: 3173823 | BO13: 921905.03 | BP13: 6144331 | BQ13: 2112557.4 | BR13: 20192613 | BT13: 8265046.6 | BU13: 1833076 | BV13: 877635.11 | BW13: 268448 | BY13: 126772.92 | BZ13: 16576114 | CA13: 8104774 | CB13: 1946104 | CC13: 908769.06 | CD13: 948000 | CE13: 467193.2 | CF13: 424800 | CH13: 246982 | CR13: 100 | CT13: 0 | CU13: 0 | CW13: 0 | DA13: =D13+F13+H13+J13+L13+N13+P13+R13+T13+W13+Y13+AB13+AD13+AF13+AI13+AK13+AM13+AO13+AQ13+AS13+AU13+AX13+AZ13+BB13+BD13+BG13+BI13+BL13+BN13+BP13+BR13+BU13+BW13+BZ13+CB13+CD13+CF13+CI13+CK13+CM13+CO13+CR13+CU13+CX13 -> 2.7836801e+08 | DB13: =E13+G13+I13+K13+M13+O13+Q13+S13+V13+X13+AA13+AE13+AH13+AJ13+AL13+AN13+AP13+AR13+AT13+AW13+AY13+BA13+BC13+BF13+BH13+BK13+BM13+BO13+BQ13+BT13+BV13+BY13+CA13+CC13+CE13+CH13+CJ13+CL13+CN13+CQ13+CT13+CW13+CY13 -> 1.1786321e+08
B14: Кореневский район | D14: 5526183 | E14: 2475291.8 | F14: 699600 | G14: 431231.66 | H14: 20091147 | I14: 10805912 | L14: 2016900 | M14: 1225510.9 | N14: 240000 | P14: 210000 | R14: 17651906 | S14: 9970553.2 | T14: 623190 | V14: 266514.04 | Y14: 1878815 | AA14: 842151.72 | AB14: 102281 | AC14: 7495.52 | AD14: 92430 | AF14: 243008.48 | AH14: 101883.39 | AM14: 221000 | AN14: 78020 | AO14: 18349087 | AP14: 1624625 | AS14: 1234620 | AT14: 60164.54 | AU14: 391415 | AW14: 1437.15 | AX14: 4919044.9 | AY14: 961545.49 | AZ14: 8635684.3 | BA14: 3220659.2 | BI14: 46213053 | BK14: 22286365 | BL14: 2.0055386e+08 | BM14: 98380619 | BN14: 1591387 | BO14: 442832.48 | BP14: 8821026.3 | BQ14: 3875390.1 | BR14: 32478504 | BT14: 12789715 | BU14: 4444891 | BV14: 1760282.6 | BW14: 243000 | BY14: 125111.73 | BZ14: 25822704 | CA14: 16331057 | CB14: 16735572 | CC14: 7698931 | CD14: 1918241.4 | CE14: 1034513.7 | CF14: 245020 | CH14: 80680 | CR14: 320500 | CT14: 223185.15 | CU14: 0 | CW14: 0 | DA14: =D14+F14+H14+J14+L14+N14+P14+R14+T14+W14+Y14+AB14+AD14+AF14+AI14+AK14+AM14+AO14+AQ14+AS14+AU14+AX14+AZ14+BB14+BD14+BG14+BI14+BL14+BN14+BP14+BR14+BU14+BW14+BZ14+CB14+CD14+CF14+CI14+CK14+CM14+CO14+CR14+CU14+CX14 -> 4.2251407e+08 | DB14: =E14+G14+I14+K14+M14+O14+Q14+S14+V14+X14+AA14+AE14+AH14+AJ14+AL14+AN14+AP14+AR14+AT14+AW14+AY14+BA14+BC14+BF14+BH14+BK14+BM14+BO14+BQ14+BT14+BV14+BY14+CA14+CC14+CE14+CH14+CJ14+CL14+CN14+CQ14+CT14+CW14+CY14 -> 1.9709418e+08
B15: Курский район | D15: 10638533 | E15: 5178023.6 | F15: 2944781.1 | G15: 1347450.9 | H15: 46907740 | I15: 22762182 | L15: 3984649 | M15: 1941689.1 | N15: 750000 | P15: 192000 | R15: 60654578 | S15: 31626921 | T15: 1807251 | V15: 856275.03 | Y15: 4773600 | AA15: 2059498.5 | AB15: 615500 | AC15: 284070.34 | AD15: 16000 | AF15: 80000 | AH15: 25000 | AO15: 50952713 | AP15: 17463796 | AS15: 149750.42 | AT15: 16136.61 | AU15: 97800 | AW15: 11607.3 | AX15: 4871000 | AY15: 179750 | AZ15: 11645686 | BA15: 6168147.7 | BB15: 3875195.6 | BC15: 2330012.1 | BI15: 35231361 | BK15: 16484714 | BL15: 3.4501439e+08 | BM15: 1.5887368e+08 | BN15: 4006583 | BO15: 3132697.9 | BP15: 9588728 | BQ15: 4251011.6 | BR15: 39459170 | BT15: 17459123 | BU15: 1311376 | BV15: 657204.79 | BW15: 1790196.3 | BY15: 729555.78 | BZ15: 45910135 | CA15: 25229645 | CB15: 11385048 | CC15: 4622480.7 | CD15: 3707000 | CE15: 1323220.4 | CF15: 5426473.3 | CH15: 2118381.1 | CI15: 876423.83 | CJ15: 338444 | CK15: 120000 | CL15: 102380 | CR15: 2500 | CT15: 0 | CU15: 79844 | CW15: 0 | DA15: =D15+F15+H15+J15+L15+N15+P15+R15+T15+W15+Y15+AB15+AD15+AF15+AI15+AK15+AM15+AO15+AQ15+AS15+AU15+AX15+AZ15+BB15+BD15+BG15+BI15+BL15+BN15+BP15+BR15+BU15+BW15+BZ15+CB15+CD15+CF15+CI15+CK15+CM15+CO15+CR15+CU15+CX15 -> 7.08866e+08 | DB15: =E15+G15+I15+K15+M15+O15+Q15+S15+V15+X15+AA15+AE15+AH15+AJ15+AL15+AN15+AP15+AR15+AT15+AW15+AY15+BA15+BC15+BF15+BH15+BK15+BM15+BO15+BQ15+BT15+BV15+BY15+CA15+CC15+CE15+CH15+CJ15+CL15+CN15+CQ15+CT15+CW15+CY15 -> 3.2728903e+08
B16: Курчатовский район | D16: 4586689 | E16: 1906387.1 | F16: 1407500 | G16: 582683.55 | H16: 23199036 | I16: 11501800 | L16: 2426500 | M16: 1294111.7 | N16: 237100 | P16: 633214.03 | R16: 41120126 | S16: 8369230 | T16: 623190 | V16: 201137.03 | Y16: 377000 | AB16: 39326 | AC16: 7500 | AD16: 70200 | AF16: 282000 | AH16: 118500 | AM16: 130000 | AN16: 100000 | AO16: 7920442.7 | AP16: 435650.75 | AS16: 1457231.6 | AT16: 518790.58 | AU16: 15195084 | AW16: 4426586.9 | AX16: 5683888.3 | AY16: 557170.98 | AZ16: 3835040 | BA16: 2154706.8 | BI16: 28672651 | BK16: 10232098 | BL16: 173703813 | BM16: 89606413 | BN16: 1445431.6 | BO16: 162349.92 | BP16: 5341545 | BQ16: 2726060.2 | BR16: 18898126 | BT16: 8341694 | BU16: 3187076 | BV16: 1645735.9 | BW16: 875000 | BY16: 378901.54 | BZ16: 23911956 | CA16: 12159684 | CB16: 6163083 | CC16: 2777612.6 | CD16: 1847200 | CE16: 833970.32 | CF16: 509000 | CH16: 300059.93 | CR16: 5000 | CT16: 0 | CU16: 0 | CW16: 0 | CX16: 0 | CY16: 0 | DA16: =D16+F16+H16+J16+L16+N16+P16+R16+T16+W16+Y16+AB16+AD16+AF16+AI16+AK16+AM16+AO16+AQ16+AS16+AU16+AX16+AZ16+BB16+BD16+BG16+BI16+BL16+BN16+BP16+BR16+BU16+BW16+BZ16+CB16+CD16+CF16+CI16+CK16+CM16+CO16+CR16+CU16+CX16 -> 3.7378345e+08 | DB16: =E16+G16+I16+K16+M16+O16+Q16+S16+V16+X16+AA16+AE16+AH16+AJ16+AL16+AN16+AP16+AR16+AT16+AW16+AY16+BA16+BC16+BF16+BH16+BK16+BM16+BO16+BQ16+BT16+BV16+BY16+CA16+CC16+CE16+CH16+CJ16+CL16+CN16+CQ16+CT16+CW16+CY16 -> 1.6133133e+08
B17: Льговский район | D17: 4204447 | E17: 1791263.1 | F17: 632500 | G17: 310941.68 | H17: 19687270 | I17: 9641186.2 | L17: 2176000 | M17: 877819.57 | N17: 1092511 | P17: 192800 | R17: 16627676 | S17: 6806948.3 | T17: 747828 | V17: 306053.79 | Y17: 257200 | AA17: 81200 | AB17: 6500 | AD17: 22000 | AF17: 271000 | AH17: 56383.05 | AO17: 5063216.7 | AP17: 1032916.3 | AS17: 469721.88 | AT17: 233854 | AX17: 1628297 | AY17: 221669.07 | AZ17: 662943 | BA17: 144852.91 | BI17: 9545082 | BK17: 3734204.7 | BL17: 179006674 | BM17: 84710746 | BN17: 1063971 | BO17: 369696.28 | BP17: 4719410 | BQ17: 1805355 | BR17: 32707213 | BT17: 12940936 | BU17: 1380676 | BV17: 518754.32 | BW17: 571871 | BY17: 247553.3 | BZ17: 18202061 | CA17: 11090150 | CB17: 3374181 | CC17: 1413534.3 | CD17: 1422000 | CE17: 592023.82 | CF17: 198500 | CH17: 54980 | CI17: 8000 | CJ17: 5000 | CR17: 707000 | CT17: 401218.62 | CU17: 0 | CW17: 0 | CX17: 1500000 | DA17: =D17+F17+H17+J17+L17+N17+P17+R17+T17+W17+Y17+AB17+AD17+AF17+AI17+AK17+AM17+AO17+AQ17+AS17+AU17+AX17+AZ17+BB17+BD17+BG17+BI17+BL17+BN17+BP17+BR17+BU17+BW17+BZ17+CB17+CD17+CF17+CI17+CK17+CM17+CO17+CR17+CU17+CX17 -> 3.0814855e+08 | DB17: =E17+G17+I17+K17+M17+O17+Q17+S17+V17+X17+AA17+AE17+AH17+AJ17+AL17+AN17+AP17+AR17+AT17+AW17+AY17+BA17+BC17+BF17+BH17+BK17+BM17+BO17+BQ17+BT17+BV17+BY17+CA17+CC17+CE17+CH17+CJ17+CL17+CN17+CQ17+CT17+CW17+CY17 -> 1.3938924e+08
B18: Мантуровский район | D18: 5513243 | E18: 2418343.5 | F18: 757201 | G18: 387135.79 | H18: 21052279 | I18: 10726017 | J18: 550 | L18: 2491900 | M18: 1293582.9 | N18: 287000 | R18: 22356293 | S18: 8980920.7 | T18: 436233 | V18: 156236 | Y18: 108002 | AA18: 5000 | AB18: 66454 | AO18: 2293298 | AP18: 91768.82 | AS18: 165000 | AT18: 30000 | AX18: 2733000 | AY18: 1978000 | AZ18: 1286500 | BA18: 678632.37 | BI18: 21402209 | BK18: 11561624 | BL18: 1.6023629e+08 | BM18: 90142670 | BN18: 976826 | BO18: 660252.93 | BP18: 4359733 | BQ18: 2399118 | BR18: 21630830 | BT18: 9897992.2 | BU18: 2470470.1 | BV18: 1492207.7 | BW18: 516000 | BY18: 413132.72 | BZ18: 20000004 | CA18: 12214465 | CB18: 5410018 | CC18: 2345780.9 | CD18: 1185000 | CE18: 536562.86 | CI18: 2721560.5 | CJ18: 1680047.2 | CR18: 1382400 | CT18: 289447.25 | CU18: 0 | CW18: 0 | DA18: =D18+F18+H18+J18+L18+N18+P18+R18+T18+W18+Y18+AB18+AD18+AF18+AI18+AK18+AM18+AO18+AQ18+AS18+AU18+AX18+AZ18+BB18+BD18+BG18+BI18+BL18+BN18+BP18+BR18+BU18+BW18+BZ18+CB18+CD18+CF18+CI18+CK18+CM18+CO18+CR18+CU18+CX18 -> 3.0183829e+08 | DB18: =E18+G18+I18+K18+M18+O18+Q18+S18+V18+X18+AA18+AE18+AH18+AJ18+AL18+AN18+AP18+AR18+AT18+AW18+AY18+BA18+BC18+BF18+BH18+BK18+BM18+BO18+BQ18+BT18+BV18+BY18+CA18+CC18+CE18+CH18+CJ18+CL18+CN18+CQ18+CT18+CW18+CY18 -> 160378938
B19: Медвенский район | D19: 6288091 | E19: 2780194.9 | F19: 364471 | G19: 178793.15 | H19: 21812731 | I19: 12923159 | L19: 2776450 | M19: 1739198.1 | N19: 10000 | P19: 32000 | R19: 15200030 | S19: 7444972.5 | T19: 623190 | V19: 216769.38 | Y19: 1530653 | AA19: 905208 | AB19: 70600 | AC19: 63100 | AD19: 89715 | AE19: 8000 | AF19: 241000 | AH19: 102707.46 | AO19: 9994477.5 | AP19: 462200.24 | AS19: 2306712 | AT19: 349012 | AU19: 47000 | AX19: 3477760.5 | AY19: 223085.24 | AZ19: 2090109 | BA19: 1140250.5 | BI19: 34628386 | BK19: 18615239 | BL19: 1.8092892e+08 | BM19: 97061924 | BN19: 2088450 | BO19: 1142016.8 | BP19: 8137620 | BQ19: 4615391.3 | BR19: 29195362 | BT19: 11809592 | BU19: 3726994 | BV19: 1920870.6 | BW19: 1217787.1 | BY19: 906549.86 | BZ19: 26443837 | CA19: 15933411 | CB19: 7347286 | CC19: 3749115.7 | CD19: 2285818 | CE19: 1132071.9 | CF19: 222600 | CH19: 170840 | CR19: 26848 | CT19: 24227.02 | CU19: 0 | CW19: 0 | DA19: =D19+F19+H19+J19+L19+N19+P19+R19+T19+W19+Y19+AB19+AD19+AF19+AI19+AK19+AM19+AO19+AQ19+AS19+AU19+AX19+AZ19+BB19+BD19+BG19+BI19+BL19+BN19+BP19+BR19+BU19+BW19+BZ19+CB19+CD19+CF19+CI19+CK19+CM19+CO19+CR19+CU19+CX19 -> 3.632049e+08 | DB19: =E19+G19+I19+K19+M19+O19+Q19+S19+V19+X19+AA19+AE19+AH19+AJ19+AL19+AN19+AP19+AR19+AT19+AW19+AY19+BA19+BC19+BF19+BH19+BK19+BM19+BO19+BQ19+BT19+BV19+BY19+CA19+CC19+CE19+CH19+CJ19+CL19+CN19+CQ19+CT19+CW19+CY19 -> 1.855548e+08
B20: Обоянский район | D20: 7109516 | E20: 3379949.7 | F20: 1084914 | G20: 556140.88 | H20: 29775476 | I20: 13757488 | L20: 1246479 | M20: 608134.58 | N20: 271000 | P20: 329500 | R20: 44213282 | S20: 15224039 | T20: 997104 | V20: 466439.06 | Y20: 150000 | AA20: 65000 | AB20: 37000 | AC20: 5630.55 | AD20: 52248.9 | AE20: 2248.9 | AF20: 237000 | AH20: 98395.39 | AM20: 1550000 | AN20: 813038.23 | AO20: 20245688 | AP20: 611924.2 | AS20: 3711304.1 | AT20: 162954.03 | AU20: 19087296 | AW20: 65268.16 | AX20: 7190512.6 | AY20: 4352601.6 | AZ20: 15765981 | BA20: 7121660.9 | BI20: 42261469 | BK20: 17094564 | BL20: 260527215 | BM20: 1.1837628e+08 | BN20: 3852944 | BO20: 903104.82 | BP20: 17484246 | BQ20: 8731806.3 | BR20: 52455499 | BT20: 24762574 | BU20: 3913519 | BV20: 1864738.5 | BW20: 361124 | BY20: 110822.04 | BZ20: 33077815 | CA20: 19212943 | CB20: 14042548 | CC20: 5952741.4 | CD20: 1896000 | CE20: 948000 | CI20: 1735000 | CJ20: 682560.91 | CR20: 551106.37 | CT20: 202393.55 | CU20: 0 | CW20: 0 | DA20: =D20+F20+H20+J20+L20+N20+P20+R20+T20+W20+Y20+AB20+AD20+AF20+AI20+AK20+AM20+AO20+AQ20+AS20+AU20+AX20+AZ20+BB20+BD20+BG20+BI20+BL20+BN20+BP20+BR20+BU20+BW20+BZ20+CB20+CD20+CF20+CI20+CK20+CM20+CO20+CR20+CU20+CX20 -> 5.8521279e+08 | DB20: =E20+G20+I20+K20+M20+O20+Q20+S20+V20+X20+AA20+AE20+AH20+AJ20+AL20+AN20+AP20+AR20+AT20+AW20+AY20+BA20+BC20+BF20+BH20+BK20+BM20+BO20+BQ20+BT20+BV20+BY20+CA20+CC20+CE20+CH20+CJ20+CL20+CN20+CQ20+CT20+CW20+CY20 -> 2.4612782e+08
B21: Октябрьский район | D21: 5489988 | E21: 2333004.8 | F21: 955053 | G21: 465178.11 | H21: 29849251 | I21: 15235268 | L21: 952401 | M21: 411718.82 | N21: 50000 | O21: 50000 | P21: 378841 | R21: 13825556 | S21: 6200526.6 | T21: 872466 | V21: 428455.67 | Y21: 1238500 | AA21: 513495.99 | AB21: 91101.37 | AC21: 15000 | AD21: 140100 | AE21: 1800 | AO21: 6754496.9 | AP21: 319984.65 | AS21: 1391220 | AT21: 419030.57 | AU21: 318820 | AX21: 4608540.5 | AY21: 728405.43 | AZ21: 4734654.5 | BA21: 2221568.5 | BB21: 775100 | BC21: 257848.56 | BI21: 41567797 | BK21: 23015925 | BL21: 2.1976952e+08 | BM21: 1.3077007e+08 | BN21: 2062278 | BO21: 1189335.9 | BP21: 6671937 | BQ21: 3146825.3 | BR21: 16073941 | BT21: 7456921.5 | BU21: 1555976 | BV21: 635223.01 | BW21: 627000 | BY21: 290350.4 | BZ21: 29745580 | CA21: 18383739 | CB21: 13528007 | CC21: 6361855.7 | CI21: 1295300 | CJ21: 577572.27 | CR21: 711358.29 | CT21: 602315.82 | CU21: 0 | CW21: 0 | CX21: 394700 | DA21: =D21+F21+H21+J21+L21+N21+P21+R21+T21+W21+Y21+AB21+AD21+AF21+AI21+AK21+AM21+AO21+AQ21+AS21+AU21+AX21+AZ21+BB21+BD21+BG21+BI21+BL21+BN21+BP21+BR21+BU21+BW21+BZ21+CB21+CD21+CF21+CI21+CK21+CM21+CO21+CR21+CU21+CX21 -> 4.0642949e+08 | DB21: =E21+G21+I21+K21+M21+O21+Q21+S21+V21+X21+AA21+AE21+AH21+AJ21+AL21+AN21+AP21+AR21+AT21+AW21+AY21+BA21+BC21+BF21+BH21+BK21+BM21+BO21+BQ21+BT21+BV21+BY21+CA21+CC21+CE21+CH21+CJ21+CL21+CN21+CQ21+CT21+CW21+CY21 -> 2.2201642e+08
B22: Поныровский район | D22: 4504619 | E22: 2456767 | F22: 893600 | G22: 470553.09 | H22: 18589560 | I22: 10565498 | L22: 2451500 | M22: 1054783.9 | P22: 200477 | R22: 14855629 | S22: 5479438.2 | T22: 498552 | V22: 144589.07 | Y22: 1947600 | AA22: 862128.77 | AD22: 20000 | AF22: 25000 | AM22: 450000 | AN22: 99537.79 | AO22: 7528802.6 | AP22: 904868.03 | AS22: 973054.25 | AT22: 276488.52 | AU22: 134000 | AW22: 62445 | AX22: 2596308 | AY22: 110790 | AZ22: 1461296 | BA22: 975561.85 | BB22: 2548900 | BC22: 995970.77 | BI22: 16659021 | BK22: 8984985.4 | BL22: 1.5420349e+08 | BM22: 80615439 | BN22: 1315943 | BO22: 485062 | BP22: 6543805.6 | BQ22: 3548787.6 | BR22: 22257078 | BT22: 8865571.3 | BU22: 4323676 | BV22: 2224223.1 | BW22: 618300 | BY22: 245220.9 | BZ22: 16519878 | CA22: 9364283.3 | CB22: 4125503 | CC22: 1878050.4 | CD22: 1901000 | CE22: 891528.43 | CI22: 162000 | CJ22: 71400 | CR22: 93625.33 | CT22: 51951.03 | CU22: 0 | CW22: 0 | CX22: 555000 | DA22: =D22+F22+H22+J22+L22+N22+P22+R22+T22+W22+Y22+AB22+AD22+AF22+AI22+AK22+AM22+AO22+AQ22+AS22+AU22+AX22+AZ22+BB22+BD22+BG22+BI22+BL22+BN22+BP22+BR22+BU22+BW22+BZ22+CB22+CD22+CF22+CI22+CK22+CM22+CO22+CR22+CU22+CX22 -> 2.8895721e+08 | DB22: =E22+G22+I22+K22+M22+O22+Q22+S22+V22+X22+AA22+AE22+AH22+AJ22+AL22+AN22+AP22+AR22+AT22+AW22+AY22+BA22+BC22+BF22+BH22+BK22+BM22+BO22+BQ22+BT22+BV22+BY22+CA22+CC22+CE22+CH22+CJ22+CL22+CN22+CQ22+CT22+CW22+CY22 -> 1.4168592e+08
B23: Пристенский район | D23: 4379169 | E23: 2155960.5 | F23: 1632800 | G23: 814117.84 | H23: 24929017 | I23: 12552098 | L23: 2431000 | M23: 1237418.8 | N23: 40000 | O23: 40000 | P23: 130000 | R23: 20727142 | S23: 11973861 | T23: 623190 | V23: 279972.82 | Y23: 10000 | AB23: 193500 | AC23: 121654.32 | AD23: 4000 | AO23: 10423144 | AP23: 4046764.1 | AS23: 187100 | AU23: 149000 | AW23: 82705.62 | AX23: 9361727 | AY23: 5896084.3 | AZ23: 2477021 | BA23: 1603910 | BI23: 27720944 | BK23: 11884606 | BL23: 186921195 | BM23: 97412171 | BN23: 1304345 | BO23: 1090384.4 | BP23: 5794166 | BQ23: 2674420 | BR23: 30805508 | BT23: 15960763 | BU23: 3356276 | BV23: 1541767.6 | BW23: 776500 | BY23: 405799.59 | BZ23: 25165215 | CA23: 15758325 | CB23: 7302836 | CC23: 3333163 | CF23: 604000 | CH23: 360720.25 | CI23: 1144500 | CJ23: 1001582.4 | CU23: 0 | CW23: 0 | CX23: 332000 | CY23: 0 | DA23: =D23+F23+H23+J23+L23+N23+P23+R23+T23+W23+Y23+AB23+AD23+AF23+AI23+AK23+AM23+AO23+AQ23+AS23+AU23+AX23+AZ23+BB23+BD23+BG23+BI23+BL23+BN23+BP23+BR23+BU23+BW23+BZ23+CB23+CD23+CF23+CI23+CK23+CM23+CO23+CR23+CU23+CX23 -> 3.689253e+08 | DB23: =E23+G23+I23+K23+M23+O23+Q23+S23+V23+X23+AA23+AE23+AH23+AJ23+AL23+AN23+AP23+AR23+AT23+AW23+AY23+BA23+BC23+BF23+BH23+BK23+BM23+BO23+BQ23+BT23+BV23+BY23+CA23+CC23+CE23+CH23+CJ23+CL23+CN23+CQ23+CT23+CW23+CY23 -> 1.921066e+08
B24: Рыльский район | D24: 8304496.7 | E24: 3918205.4 | F24: 688100 | G24: 258192.2 | H24: 32112957 | I24: 13721935 | L24: 4088200 | M24: 1493890.1 | N24: 555000 | P24: 480390 | R24: 32987446 | S24: 15685088 | T24: 1184061 | V24: 467576.78 | Y24: 2621000 | AA24: 794537.9 | AB24: 381753 | AC24: 16154 | AD24: 304723 | AE24: 7675 | AM24: 1550200 | AN24: 741508.99 | AO24: 17890017 | AP24: 3494821.4 | AS24: 7812687.5 | AT24: 456174.4 | AU24: 8302050 | AW24: 115328.08 | AX24: 9782168 | AY24: 1102806.9 | AZ24: 17267966 | BA24: 9153166.6 | BB24: 1334100 | BC24: 654006.86 | BD24: 330500 | BI24: 66412658 | BK24: 34334276 | BL24: 279354811 | BM24: 1.610699e+08 | BN24: 2059644 | BO24: 515127.68 | BP24: 13885648 | BQ24: 5981463.2 | BR24: 59423641 | BT24: 21919779 | BU24: 1995276 | BV24: 730440.81 | BW24: 1286077.8 | BY24: 753635.16 | BZ24: 38418087 | CA24: 23087289 | CB24: 9479131 | CC24: 4176223.5 | CD24: 2441500 | CE24: 1130591.7 | CI24: 3017700 | CJ24: 1537477.1 | CO24: 737700 | CQ24: 368400 | CR24: 392000 | CT24: 71536.25 | CU24: 0 | CW24: 0 | CX24: 546207 | DA24: =D24+F24+H24+J24+L24+N24+P24+R24+T24+W24+Y24+AB24+AD24+AF24+AI24+AK24+AM24+AO24+AQ24+AS24+AU24+AX24+AZ24+BB24+BD24+BG24+BI24+BL24+BN24+BP24+BR24+BU24+BW24+BZ24+CB24+CD24+CF24+CI24+CK24+CM24+CO24+CR24+CU24+CX24 -> 6.274279e+08 | DB24: =E24+G24+I24+K24+M24+O24+Q24+S24+V24+X24+AA24+AE24+AH24+AJ24+AL24+AN24+AP24+AR24+AT24+AW24+AY24+BA24+BC24+BF24+BH24+BK24+BM24+BO24+BQ24+BT24+BV24+BY24+CA24+CC24+CE24+CH24+CJ24+CL24+CN24+CQ24+CT24+CW24+CY24 -> 3.0774105e+08
B25: Советский район | D25: 4630571.1 | E25: 2523651.9 | F25: 858616 | G25: 490639.16 | H25: 27187313 | I25: 16249065 | L25: 1893138 | M25: 1045682.2 | N25: 441717 | P25: 2812792 | R25: 7408623.2 | S25: 4911966.9 | T25: 810147 | V25: 335889.49 | Y25: 1991738 | AA25: 799074.19 | AB25: 11000 | AD25: 323933 | AE25: 183558.2 | AF25: 451357 | AH25: 177728.59 | AO25: 12781602 | AP25: 1541531 | AS25: 2111800 | AT25: 383709.96 | AU25: 15925059 | AW25: 4777594.5 | AX25: 25338030 | AY25: 7578196.6 | AZ25: 3298429.9 | BA25: 2303273 | BI25: 25353574 | BK25: 12362653 | BL25: 1.799454e+08 | BM25: 96098939 | BN25: 1489528 | BO25: 533891.2 | BP25: 6085200 | BQ25: 2964276.8 | BR25: 51966661 | BT25: 22367196 | BU25: 2022115 | BV25: 1046031.9 | BW25: 346416.53 | BY25: 269871.79 | BZ25: 26991654 | CA25: 14675444 | CB25: 4182071 | CC25: 1896422.6 | CD25: 2157639 | CE25: 1132673 | CF25: 481500 | CH25: 301936.65 | CR25: 110000 | CT25: 10722.17 | CU25: 0 | CW25: 0 | CX25: 0 | CY25: 0 | DA25: =D25+F25+H25+J25+L25+N25+P25+R25+T25+W25+Y25+AB25+AD25+AF25+AI25+AK25+AM25+AO25+AQ25+AS25+AU25+AX25+AZ25+BB25+BD25+BG25+BI25+BL25+BN25+BP25+BR25+BU25+BW25+BZ25+CB25+CD25+CF25+CI25+CK25+CM25+CO25+CR25+CU25+CX25 -> 4.0940763e+08 | DB25: =E25+G25+I25+K25+M25+O25+Q25+S25+V25+X25+AA25+AE25+AH25+AJ25+AL25+AN25+AP25+AR25+AT25+AW25+AY25+BA25+BC25+BF25+BH25+BK25+BM25+BO25+BQ25+BT25+BV25+BY25+CA25+CC25+CE25+CH25+CJ25+CL25+CN25+CQ25+CT25+CW25+CY25 -> 1.9696162e+08
B26: Солнцевский район | D26: 4938856.9 | E26: 2388910.9 | F26: 996588 | G26: 444809.02 | H26: 19918244 | I26: 10303665 | L26: 2635595 | M26: 1161849.6 | N26: 260764 | R26: 17550554 | S26: 5933122.7 | T26: 498552 | V26: 142569.17 | Y26: 166842 | AA26: 111200 | AD26: 312324 | AE26: 49678.24 | AF26: 359547 | AH26: 137251.45 | AM26: 480000 | AN26: 152592 | AO26: 2261898.2 | AP26: 16815 | AQ26: 55250 | AS26: 703815.99 | AT26: 409417.13 | AU26: 47000 | AW26: 3875.95 | AX26: 8009978.7 | AY26: 1745968.1 | AZ26: 1071111.9 | BA26: 409852.3 | BI26: 14769178 | BK26: 8671674.7 | BL26: 1.6516302e+08 | BM26: 97014452 | BN26: 993985 | BO26: 872363.04 | BP26: 6145324 | BQ26: 2806664.6 | BR26: 22148284 | BT26: 9311074.3 | BU26: 3442067 | BV26: 1424282 | BW26: 65368.2 | BY26: 29472.52 | BZ26: 20169881 | CA26: 12457768 | CB26: 5189135 | CC26: 2339487.1 | CD26: 1962716 | CE26: 819293.49 | CI26: 115990 | CJ26: 62540 | CR26: 68000 | CT26: 145.37 | CU26: 0 | CW26: 0 | CX26: 0 | CY26: 0 | DA26: =D26+F26+H26+J26+L26+N26+P26+R26+T26+W26+Y26+AB26+AD26+AF26+AI26+AK26+AM26+AO26+AQ26+AS26+AU26+AX26+AZ26+BB26+BD26+BG26+BI26+BL26+BN26+BP26+BR26+BU26+BW26+BZ26+CB26+CD26+CF26+CI26+CK26+CM26+CO26+CR26+CU26+CX26 -> 3.0049987e+08 | DB26: =E26+G26+I26+K26+M26+O26+Q26+S26+V26+X26+AA26+AE26+AH26+AJ26+AL26+AN26+AP26+AR26+AT26+AW26+AY26+BA26+BC26+BF26+BH26+BK26+BM26+BO26+BQ26+BT26+BV26+BY26+CA26+CC26+CE26+CH26+CJ26+CL26+CN26+CQ26+CT26+CW26+CY26 -> 1.5922079e+08
B27: Суджанский район | D27: 9260553.3 | E27: 4115041 | F27: 822000 | G27: 423326.83 | H27: 28462342 | I27: 14574659 | L27: 3484000 | M27: 1910172 | N27: 160000 | P27: 117700 | R27: 13154431 | S27: 5889080.1 | T27: 1184061 | V27: 492695.68 | Y27: 266000 | AA27: 10225 | AB27: 75600 | AC27: 4452 | AD27: 85000 | AF27: 237000 | AH27: 104920.15 | AO27: 10178743 | AP27: 1403874.9 | AS27: 655840 | AT27: 14947.5 | AU27: 325000 | AW27: 27807.64 | AX27: 7487200 | AY27: 3754599.4 | AZ27: 17739398 | BA27: 7283802 | BD27: 500000 | BI27: 60073282 | BK27: 21835753 | BL27: 254815679 | BM27: 1.336151e+08 | BN27: 2163278 | BO27: 874270.5 | BP27: 10287599 | BQ27: 4963589.4 | BR27: 37170590 | BT27: 15117420 | BU27: 3590866 | BV27: 1490251.7 | BW27: 684628.63 | BY27: 203086.33 | BZ27: 30002707 | CA27: 17848247 | CB27: 12172017 | CC27: 5323805.9 | CD27: 2133000 | CE27: 980167.01 | CF27: 396200 | CH27: 223204.1 | CI27: 5321100 | CJ27: 2493828 | CO27: 282200 | CQ27: 144860 | CR27: 12011.65 | CT27: 0 | CU27: 0 | CW27: 0 | DA27: =D27+F27+H27+J27+L27+N27+P27+R27+T27+W27+Y27+AB27+AD27+AF27+AI27+AK27+AM27+AO27+AQ27+AS27+AU27+AX27+AZ27+BB27+BD27+BG27+BI27+BL27+BN27+BP27+BR27+BU27+BW27+BZ27+CB27+CD27+CF27+CI27+CK27+CM27+CO27+CR27+CU27+CX27 -> 5.1330003e+08 | DB27: =E27+G27+I27+K27+M27+O27+Q27+S27+V27+X27+AA27+AE27+AH27+AJ27+AL27+AN27+AP27+AR27+AT27+AW27+AY27+BA27+BC27+BF27+BH27+BK27+BM27+BO27+BQ27+BT27+BV27+BY27+CA27+CC27+CE27+CH27+CJ27+CL27+CN27+CQ27+CT27+CW27+CY27 -> 2.4511873e+08
B28: Тимский район | D28: 4577730 | E28: 2289724.3 | F28: 1123774 | G28: 498005.01 | H28: 17409704 | I28: 10307338 | L28: 2557632 | M28: 1241441.6 | N28: 60000 | P28: 3008484 | Q28: 0 | R28: 10721744 | S28: 4352983.4 | T28: 498552 | V28: 223435.06 | Y28: 144000 | AA28: 20000 | AD28: 31520 | AE28: 13852.04 | AF28: 291566 | AH28: 118409.03 | AM28: 600000 | AN28: 310100 | AO28: 8103646 | AP28: 180813.43 | AS28: 2145671 | AT28: 1017347 | AU28: 169397 | AW28: 42502.49 | AX28: 1294806 | AZ28: 3468940.6 | BA28: 1337624.1 | BI28: 11508552 | BK28: 6134196.3 | BL28: 138756410 | BM28: 79282225 | BN28: 955158 | BO28: 809118.7 | BP28: 6115355 | BQ28: 2833225.9 | BR28: 28117446 | BT28: 12555124 | BU28: 3935881 | BV28: 1719799.6 | BW28: 1012399 | BY28: 531787.76 | BZ28: 15641803 | CA28: 9608379.9 | CB28: 3520287 | CC28: 1639329.6 | CD28: 1381099 | CE28: 710068.43 | CF28: 130000 | CH28: 52542.2 | CR28: 27000 | CT28: 372.6 | CU28: 0 | CW28: 0 | DA28: =D28+F28+H28+J28+L28+N28+P28+R28+T28+W28+Y28+AB28+AD28+AF28+AI28+AK28+AM28+AO28+AQ28+AS28+AU28+AX28+AZ28+BB28+BD28+BG28+BI28+BL28+BN28+BP28+BR28+BU28+BW28+BZ28+CB28+CD28+CF28+CI28+CK28+CM28+CO28+CR28+CU28+CX28 -> 2.6730856e+08 | DB28: =E28+G28+I28+K28+M28+O28+Q28+S28+V28+X28+AA28+AE28+AH28+AJ28+AL28+AN28+AP28+AR28+AT28+AW28+AY28+BA28+BC28+BF28+BH28+BK28+BM28+BO28+BQ28+BT28+BV28+BY28+CA28+CC28+CE28+CH28+CJ28+CL28+CN28+CQ28+CT28+CW28+CY28 -> 1.3782975e+08
B29: Фатежский район | D29: 5676460 | E29: 2630581.3 | F29: 1104000 | G29: 582200.65 | H29: 22990063 | I29: 12065090 | L29: 3166900 | M29: 1357894.4 | P29: 526738 | R29: 22721294 | S29: 9971657.2 | T29: 685509 | V29: 279731.63 | Y29: 2387000 | AA29: 1083096.1 | AB29: 72000 | AM29: 250000 | AO29: 916172.23 | AP29: 222740 | AS29: 498351 | AT29: 254669 | AU29: 57000 | AW29: 25403.02 | AX29: 10590833 | AY29: 1793695.8 | AZ29: 4385093.2 | BA29: 2815244.8 | BI29: 32273163 | BK29: 14080641 | BL29: 192038379 | BM29: 99181469 | BN29: 1587536 | BO29: 589715 | BP29: 8720052 | BQ29: 3596033.8 | BR29: 31851193 | BT29: 12808841 | BU29: 5417276 | BV29: 2259091.2 | BW29: 748347.65 | BY29: 223060.35 | BZ29: 23204006 | CA29: 14448929 | CB29: 9392653 | CC29: 4211678.5 | CD29: 1659000 | CE29: 768020.02 | CF29: 448000 | CH29: 180055.12 | CI29: 101000 | CJ29: 66961.2 | CU29: 0 | CW29: 0 | DA29: =D29+F29+H29+J29+L29+N29+P29+R29+T29+W29+Y29+AB29+AD29+AF29+AI29+AK29+AM29+AO29+AQ29+AS29+AU29+AX29+AZ29+BB29+BD29+BG29+BI29+BL29+BN29+BP29+BR29+BU29+BW29+BZ29+CB29+CD29+CF29+CI29+CK29+CM29+CO29+CR29+CU29+CX29 -> 3.8346802e+08 | DB29: =E29+G29+I29+K29+M29+O29+Q29+S29+V29+X29+AA29+AE29+AH29+AJ29+AL29+AN29+AP29+AR29+AT29+AW29+AY29+BA29+BC29+BF29+BH29+BK29+BM29+BO29+BQ29+BT29+BV29+BY29+CA29+CC29+CE29+CH29+CJ29+CL29+CN29+CQ29+CT29+CW29+CY29 -> 1.854965e+08
B30: Хомутовский район | D30: 5306899.3 | E30: 2978156.7 | F30: 797000 | G30: 519975.54 | H30: 21993891 | I30: 12029091 | L30: 2143000 | M30: 1253971.1 | N30: 643000 | R30: 16382434 | S30: 5610206.6 | T30: 560871 | V30: 201088.42 | AB30: 59000 | AC30: 21756.18 | AM30: 250000 | AN30: 122500 | AO30: 14432787 | AP30: 672082.4 | AS30: 1563531 | AT30: 467704.31 | AU30: 26000 | AW30: 14181.94 | AX30: 7009655.1 | AY30: 1085064.4 | AZ30: 3384189.1 | BA30: 900113.3 | BB30: 8000 | BI30: 14508138 | BK30: 6935175.3 | BL30: 115830822 | BM30: 63932329 | BN30: 913753 | BO30: 702664.52 | BP30: 5573828 | BQ30: 3055636.8 | BR30: 31868475 | BT30: 14722629 | BU30: 2449276 | BV30: 1195723.4 | BW30: 1164396.7 | BY30: 358780.45 | BZ30: 15964063 | CA30: 8544744.3 | CB30: 7197731 | CC30: 2989017.6 | CF30: 144000 | CH30: 116570 | CR30: 18000 | CT30: 0 | CU30: 4451344.9 | CW30: 0 | DA30: =D30+F30+H30+J30+L30+N30+P30+R30+T30+W30+Y30+AB30+AD30+AF30+AI30+AK30+AM30+AO30+AQ30+AS30+AU30+AX30+AZ30+BB30+BD30+BG30+BI30+BL30+BN30+BP30+BR30+BU30+BW30+BZ30+CB30+CD30+CF30+CI30+CK30+CM30+CO30+CR30+CU30+CX30 -> 2.7464408e+08 | DB30: =E30+G30+I30+K30+M30+O30+Q30+S30+V30+X30+AA30+AE30+AH30+AJ30+AL30+AN30+AP30+AR30+AT30+AW30+AY30+BA30+BC30+BF30+BH30+BK30+BM30+BO30+BQ30+BT30+BV30+BY30+CA30+CC30+CE30+CH30+CJ30+CL30+CN30+CQ30+CT30+CW30+CY30 -> 1.2840741e+08
B31: Черемисиновский район | D31: 5089322 | E31: 2528255.4 | F31: 1294600 | G31: 493269.67 | H31: 21594288 | I31: 12220609 | L31: 3075360 | M31: 1316868.6 | N31: 140000 | P31: 739698 | R31: 15913404 | S31: 6414428.9 | T31: 498552 | V31: 197187.37 | Y31: 40000 | AA31: 4000 | AB31: 102000 | AC31: 9134 | AD31: 32000 | AE31: 13661.06 | AF31: 319400 | AH31: 155111.75 | AM31: 50000 | AO31: 42023624 | AP31: 416667 | AS31: 71000 | AU31: 50000 | AW31: 20331.12 | AX31: 3271069 | AY31: 0 | AZ31: 3498079.8 | BA31: 1149992.4 | BI31: 15380564 | BK31: 7220437.1 | BL31: 1.2112755e+08 | BM31: 67076949 | BN31: 956924 | BO31: 371835.96 | BP31: 6726619 | BQ31: 3140400.5 | BR31: 25637755 | BT31: 12614942 | BU31: 4862276 | BV31: 2357982.6 | BW31: 810000 | BY31: 395693.27 | BZ31: 13676670 | CA31: 8600127.6 | CB31: 4234902 | CC31: 1809682.7 | CD31: 1303600 | CE31: 823999.99 | CI31: 499000 | CJ31: 303170 | CR31: 50000 | CU31: 0 | CW31: 0 | DA31: =D31+F31+H31+J31+L31+N31+P31+R31+T31+W31+Y31+AB31+AD31+AF31+AI31+AK31+AM31+AO31+AQ31+AS31+AU31+AX31+AZ31+BB31+BD31+BG31+BI31+BL31+BN31+BP31+BR31+BU31+BW31+BZ31+CB31+CD31+CF31+CI31+CK31+CM31+CO31+CR31+CU31+CX31 -> 2.9306825e+08 | DB31: =E31+G31+I31+K31+M31+O31+Q31+S31+V31+X31+AA31+AE31+AH31+AJ31+AL31+AN31+AP31+AR31+AT31+AW31+AY31+BA31+BC31+BF31+BH31+BK31+BM31+BO31+BQ31+BT31+BV31+BY31+CA31+CC31+CE31+CH31+CJ31+CL31+CN31+CQ31+CT31+CW31+CY31 -> 1.296456e+08
B32: Щигровский район | D32: 6990022 | E32: 3674903.9 | F32: 493350 | G32: 269572.14 | H32: 17518575 | I32: 10543671 | J32: 700 | L32: 3803300 | M32: 2005130.7 | N32: 110000 | P32: 89338 | R32: 27645783 | S32: 11135011 | T32: 1184061 | V32: 358431.88 | Y32: 2054700 | AA32: 1192985.6 | AD32: 29000 | AF32: 332000 | AH32: 124460.31 | AM32: 500000 | AN32: 200000 | AO32: 9904010.3 | AS32: 6102499.5 | AT32: 1714117.7 | AX32: 2629343 | AY32: 90000 | AZ32: 933521 | BA32: 698242.02 | BB32: 3000000 | BC32: 3000000 | BI32: 3419283 | BK32: 1626800.9 | BL32: 1.6836412e+08 | BM32: 79096905 | BN32: 1233225 | BO32: 864975.98 | BP32: 6719387 | BQ32: 3682944.6 | BR32: 26018286 | BT32: 12543433 | BU32: 3051739 | BV32: 1506772.4 | BW32: 1125755 | BY32: 546609.9 | BZ32: 17127486 | CA32: 9151884.8 | CB32: 2271571 | CC32: 1228765.7 | CD32: 948000 | CE32: 485406.08 | CF32: 333000 | CH32: 120766 | CR32: 30000 | CT32: 0 | CU32: 0 | CW32: 0 | CX32: 0 | DA32: =D32+F32+H32+J32+L32+N32+P32+R32+T32+W32+Y32+AB32+AD32+AF32+AI32+AK32+AM32+AO32+AQ32+AS32+AU32+AX32+AZ32+BB32+BD32+BG32+BI32+BL32+BN32+BP32+BR32+BU32+BW32+BZ32+CB32+CD32+CF32+CI32+CK32+CM32+CO32+CR32+CU32+CX32 -> 3.1396206e+08 | DB32: =E32+G32+I32+K32+M32+O32+Q32+S32+V32+X32+AA32+AE32+AH32+AJ32+AL32+AN32+AP32+AR32+AT32+AW32+AY32+BA32+BC32+BF32+BH32+BK32+BM32+BO32+BQ32+BT32+BV32+BY32+CA32+CC32+CE32+CH32+CJ32+CL32+CN32+CQ32+CT32+CW32+CY32 -> 1.4586179e+08
B33: г.Железногорск | D33: 1431300 | E33: 655431.5 | F33: 4491300 | G33: 2003749.4 | H33: 55663200 | I33: 25676960 | J33: 600 | L33: 15542020 | M33: 7172621.6 | P33: 4142000.8 | Q33: 0 | R33: 41566519 | S33: 17403843 | Y33: 15370476 | AA33: 6764512.5 | AM33: 20005500 | AN33: 11000000 | AO33: 31650000 | AP33: 10702375 | AS33: 18658763 | AT33: 3400278.2 | AU33: 6350000 | AW33: 2170150.9 | AX33: 7546100 | AY33: 2006376.9 | AZ33: 111608901 | BA33: 52506900 | BB33: 10874844 | BC33: 4689917.7 | BI33: 4.1755877e+08 | BK33: 2.2483905e+08 | BL33: 5.5396339e+08 | BM33: 3.1723355e+08 | BN33: 21686051 | BO33: 7541378.7 | BP33: 78531281 | BQ33: 32454226 | BR33: 46910651 | BT33: 23248858 | BU33: 8188300 | BV33: 3697609.7 | BW33: 3246800 | BY33: 1837226.5 | BZ33: 2.108143e+08 | CA33: 1.1576696e+08 | CB33: 27728328 | CC33: 13279553 | CD33: 20719100 | CE33: 9824229.5 | CI33: 107401035 | CJ33: 26077504 | CM33: 3221300 | CN33: 1691554.5 | CO33: 5023700 | CQ33: 2318738.8 | CR33: 1889400 | CT33: 0 | DA33: =D33+F33+H33+J33+L33+N33+P33+R33+T33+W33+Y33+AB33+AD33+AF33+AI33+AK33+AM33+AO33+AQ33+AS33+AU33+AX33+AZ33+BB33+BD33+BG33+BI33+BL33+BN33+BP33+BR33+BU33+BW33+BZ33+CB33+CD33+CF33+CI33+CK33+CM33+CO33+CR33+CU33+CX33 -> 1.8517839e+09 | DB33: =E33+G33+I33+K33+M33+O33+Q33+S33+V33+X33+AA33+AE33+AH33+AJ33+AL33+AN33+AP33+AR33+AT33+AW33+AY33+BA33+BC33+BF33+BH33+BK33+BM33+BO33+BQ33+BT33+BV33+BY33+CA33+CC33+CE33+CH33+CJ33+CL33+CN33+CQ33+CT33+CW33+CY33 -> 9.2596357e+08
B34: г.Курск | D34: 2423500 | E34: 1230644.8 | F34: 12382659 | G34: 7059129.7 | H34: 1.2273839e+08 | I34: 69215239 | J34: 4200 | L34: 34194851 | M34: 19566911 | N34: 148409 | O34: 63067.09 | P34: 787100 | R34: 2.913424e+08 | S34: 1.4080052e+08 | W34: 76000 | X34: 38000 | Y34: 55711540 | AA34: 25205499 | AD34: 60000 | AE34: 41032 | AI34: 85000 | AJ34: 10000 | AK34: 839661 | AL34: 704962 | AM34: 1.2364136e+08 | AN34: 64736335 | AO34: 3.1737464e+08 | AP34: 1.7097551e+08 | AS34: 29136096 | AT34: 10664454 | AU34: 1.5514021e+08 | AW34: 34301077 | AX34: 91981523 | AY34: 3322618.3 | AZ34: 2.3753898e+08 | BA34: 1.0853674e+08 | BB34: 90563678 | BC34: 42903514 | BG34: 15925459 | BH34: 7420379 | BI34: 1.0701554e+09 | BK34: 6.0810693e+08 | BL34: 2.2245369e+09 | BM34: 1.2416381e+09 | BN34: 59574374 | BO34: 18029002 | BP34: 66502349 | BQ34: 35847251 | BR34: 147562600 | BT34: 71523944 | BU34: 22469025 | BV34: 10980497 | BW34: 5414904 | BY34: 2026981.2 | BZ34: 958656273 | CA34: 4.7707497e+08 | CB34: 135918685 | CC34: 66368819 | CD34: 46187637 | CE34: 26336763 | CF34: 20929048 | CH34: 3735604.6 | CO34: 7490000 | CQ34: 3698888 | CR34: 106962500 | CT34: 47497813 | DA34: =D34+F34+H34+J34+L34+N34+P34+R34+T34+W34+Y34+AB34+AD34+AF34+AI34+AK34+AM34+AO34+AQ34+AS34+AU34+AX34+AZ34+BB34+BD34+BG34+BI34+BL34+BN34+BP34+BR34+BU34+BW34+BZ34+CB34+CD34+CF34+CI34+CK34+CM34+CO34+CR34+CU34+CX34 -> 6.4544554e+09 | DB34: =E34+G34+I34+K34+M34+O34+Q34+S34+V34+X34+AA34+AE34+AH34+AJ34+AL34+AN34+AP34+AR34+AT34+AW34+AY34+BA34+BC34+BF34+BH34+BK34+BM34+BO34+BQ34+BT34+BV34+BY34+CA34+CC34+CE34+CH34+CJ34+CL34+CN34+CQ34+CT34+CW34+CY34 -> 3.3196612e+09
B35: г.Курчатов | D35: 1353559 | E35: 570158.96 | F35: 3399589 | G35: 1497150.4 | H35: 33713916 | I35: 15197252 | J35: 2300 | L35: 6720615 | M35: 3424214.8 | P35: 63045.92 | R35: 23514657 | S35: 9940123.7 | Y35: 14859775 | AA35: 6383142 | AF35: 240708 | AH35: 104601.15 | AO35: 5868000 | AP35: 3876066 | AS35: 491500 | AT35: 208199.95 | AU35: 4160712.2 | AX35: 3383708.7 | AY35: 230000 | AZ35: 15683000 | BA35: 6521429.7 | BI35: 1.3352315e+08 | BK35: 69963032 | BL35: 2.3497866e+08 | BM35: 1.3126386e+08 | BN35: 3386805.1 | BO35: 1658812.4 | BP35: 23461516 | BQ35: 10663674 | BR35: 30799013 | BT35: 13460356 | BU35: 157000 | BV35: 33977 | BW35: 480000 | BY35: 148626.98 | BZ35: 1.0327702e+08 | CA35: 59346801 | CB35: 14019133 | CC35: 6855599.4 | CD35: 6433806 | CE35: 2723461.6 | CF35: 5700994.7 | CH35: 2214319.8 | CO35: 1636078 | CQ35: 765000 | CR35: 11279000 | CT35: 4786229.2 | DA35: =D35+F35+H35+J35+L35+N35+P35+R35+T35+W35+Y35+AB35+AD35+AF35+AI35+AK35+AM35+AO35+AQ35+AS35+AU35+AX35+AZ35+BB35+BD35+BG35+BI35+BL35+BN35+BP35+BR35+BU35+BW35+BZ35+CB35+CD35+CF35+CI35+CK35+CM35+CO35+CR35+CU35+CX35 -> 6.8258726e+08 | DB35: =E35+G35+I35+K35+M35+O35+Q35+S35+V35+X35+AA35+AE35+AH35+AJ35+AL35+AN35+AP35+AR35+AT35+AW35+AY35+BA35+BC35+BF35+BH35+BK35+BM35+BO35+BQ35+BT35+BV35+BY35+CA35+CC35+CE35+CH35+CJ35+CL35+CN35+CQ35+CT35+CW35+CY35 -> 3.5183608e+08
B36: г.Льгов | D36: 1116600 | E36: 493449.09 | F36: 1926500 | G36: 1012729.3 | H36: 11752000 | I36: 5748242.1 | L36: 2123000 | M36: 956307.5 | P36: 14590 | R36: 4213813 | S36: 1831130.6 | Y36: 3671100 | AA36: 2299830.9 | AF36: 237000 | AH36: 118500 | AO36: 5006952 | AP36: 4458275.8 | AU36: 16258742 | AX36: 300000 | AY36: 244122 | AZ36: 2270000 | BA36: 1441382.9 | BI36: 40509131 | BK36: 19392284 | BL36: 103351153 | BM36: 58237831 | BN36: 632251 | BO36: 416938.56 | BP36: 5261852 | BQ36: 2470974.5 | BR36: 5822500 | BT36: 2656624.3 | BW36: 614500 | BY36: 188260.22 | BZ36: 13812547 | CA36: 7117833.7 | CB36: 6250200 | CC36: 3284301.1 | CD36: 1659000 | CE36: 762257.97 | CI36: 1546400 | CJ36: 781628.77 | CO36: 2145700 | CQ36: 988868.17 | CR36: 1000000 | CT36: 603447.97 | DA36: =D36+F36+H36+J36+L36+N36+P36+R36+T36+W36+Y36+AB36+AD36+AF36+AI36+AK36+AM36+AO36+AQ36+AS36+AU36+AX36+AZ36+BB36+BD36+BG36+BI36+BL36+BN36+BP36+BR36+BU36+BW36+BZ36+CB36+CD36+CF36+CI36+CK36+CM36+CO36+CR36+CU36+CX36 -> 231495531 | DB36: =E36+G36+I36+K36+M36+O36+Q36+S36+V36+X36+AA36+AE36+AH36+AJ36+AL36+AN36+AP36+AR36+AT36+AW36+AY36+BA36+BC36+BF36+BH36+BK36+BM36+BO36+BQ36+BT36+BV36+BY36+CA36+CC36+CE36+CH36+CJ36+CL36+CN36+CQ36+CT36+CW36+CY36 -> 1.1550522e+08
B37: г.Щигры | D37: 1084300 | E37: 559863 | H37: 9063688 | I37: 4404629 | L37: 3386151 | M37: 1545112.6 | P37: 14000 | R37: 10753561 | S37: 5597222.6 | W37: 5400 | X37: 3305.4 | Y37: 1323807 | AA37: 645570.53 | AF37: 281183 | AH37: 157548.77 | AO37: 3131570 | AP37: 1151897 | AU37: 340000 | AW37: 65949 | AX37: 1058549 | AY37: 195879 | AZ37: 5791268 | BA37: 4176921.9 | BD37: 2116 | BF37: 2116 | BI37: 63601210 | BK37: 26885995 | BL37: 90634323 | BM37: 44505913 | BN37: 752242.08 | BO37: 602092.08 | BP37: 4445951.9 | BQ37: 2376279.9 | BR37: 14091848 | BT37: 5749935 | BU37: 160000 | BV37: 159900 | BZ37: 12609470 | CA37: 6574429.4 | CB37: 6122569 | CC37: 2787178.2 | CD37: 1659000 | CE37: 828250 | CI37: 10000 | CJ37: 7540 | CR37: 1600000 | CT37: 939580.55 | DA37: =D37+F37+H37+J37+L37+N37+P37+R37+T37+W37+Y37+AB37+AD37+AF37+AI37+AK37+AM37+AO37+AQ37+AS37+AU37+AX37+AZ37+BB37+BD37+BG37+BI37+BL37+BN37+BP37+BR37+BU37+BW37+BZ37+CB37+CD37+CF37+CI37+CK37+CM37+CO37+CR37+CU37+CX37 -> 231922207 | DB37: =E37+G37+I37+K37+M37+O37+Q37+S37+V37+X37+AA37+AE37+AH37+AJ37+AL37+AN37+AP37+AR37+AT37+AW37+AY37+BA37+BC37+BF37+BH37+BK37+BM37+BO37+BQ37+BT37+BV37+BY37+CA37+CC37+CE37+CH37+CJ37+CL37+CN37+CQ37+CT37+CW37+CY37 -> 1.0992311e+08
C38: =E38+G38+I38+K38+M38+O38+Q38+S38 -> 1.0888297e+09 | D38: 1.753116e+08 | E38: 83052377 | F38: 50482999 | G38: 25120387 | H38: 9.2899309e+08 | I38: 4.7678987e+08 | J38: 9200 | L38: 1.3719708e+08 | M38: 69052339 | N38: 7746370 | O38: 561086.09 | P38: 29023693 | Q38: 0 | R38: 9.8782553e+08 | S38: 4.3425363e+08 | T38: 22310202 | U38: =V38+X38 -> 8702933.9 | V38: 8661628.5 | W38: 84400 | X38: 41305.4 | Y38: 1.2291722e+08 | Z38: =AA38+AC38+AE38 -> 56280136 | AA38: 54538327 | AB38: 4852777.4 | AC38: 1361986.9 | AD38: 2225846.3 | AE38: 379821.84 | AF38: 4400754.5 | AG38: =AH38+AJ38+AL38+AN38+AP38+AR38+AT38 -> 3.3750157e+08 | AH38: 1844091.5 | AI38: 85000 | AJ38: 10000 | AK38: 839661 | AL38: 704962 | AM38: 1.5242626e+08 | AN38: 79468827 | AO38: 7.4809928e+08 | AP38: 2.3262296e+08 | AQ38: 55250 | AS38: 97238564 | AT38: 22850731 | AU38: 2.8409008e+08 | AV38: =AW38+AY38+BA38+BC38 -> 4.2680556e+08 | AW38: 52808354 | AX38: 3.5530723e+08 | AY38: 73512950 | AZ38: 5.265107e+08 | BA38: 2.450555e+08 | BB38: 1.1431618e+08 | BC38: 55428754 | BD38: 832616 | BE38: =BF38+BH38 -> 7422495 | BF38: 2116 | BG38: 15955459 | BH38: 7420379 | BI38: 2.5220436e+09 | BJ38: =BK38+BM38+BO38+BQ38 -> 6.0943898e+09 | BK38: 1.3284924e+09 | BL38: 8.4805636e+09 | BM38: 4.5342513e+09 | BN38: 1.3934636e+08 | BO38: 51545789 | BP38: 3.8536658e+08 | BQ38: 1.8010038e+08 | BR38: 1.1263548e+09 | BS38: =BT38+BV38 -> 5.3465461e+08 | BT38: 4.7816266e+08 | BU38: 1.2182792e+08 | BV38: 56491954 | BW38: 29774529 | BX38: =BY38+CA38+CC38+CE38 -> 1.3108987e+09 | BY38: 13362964 | BZ38: 1.9762623e+09 | CA38: 1.0569211e+09 | CB38: 387263052 | CC38: 1.7987581e+08 | CD38: 1.1925531e+08 | CE38: 60738788 | CF38: 38194136 | CG38: =CH38+CJ38+CL38+CN38 -> 49666281 | CH38: 11153670 | CI38: 1.3301009e+08 | CJ38: 36718677 | CK38: 120000 | CL38: 102380 | CM38: 3221300 | CN38: 1691554.5 | CO38: 19031378 | CP38: =CQ38 -> 8909056.2 | CQ38: 8909056.2 | CR38: 1.3017899e+08 | CS38: =CT38 -> 56574746 | CT38: 56574746 | CU38: 4531188.9 | CV38: =CW38+CY38 -> 0 | CW38: 0 | CX38: 3327907 | CY38: 0 | DA38: =D38+F38+H38+J38+L38+N38+P38+R38+T38+W38+Y38+AB38+AD38+AF38+AI38+AK38+AM38+AO38+AQ38+AS38+AU38+AX38+AZ38+BB38+BD38+BG38+BI38+BL38+BN38+BP38+BR38+BU38+BW38+BZ38+CB38+CD38+CF38+CI38+CK38+CM38+CO38+CR38+CU38+CX38 -> 2.038881e+10 | DB38: =CV38+CS38+CP38+CG38+BX38+BS38+BJ38+BE38+AV38+AG38+Z38+C38+U38 -> 9.9806356e+09
C39: =C38/DB38 -> 0.10909422 | D39: =SUM(D5:D37) -> 1.753116e+08 | E39: =SUM(E5:E37) -> 83052377 | F39: =SUM(F5:F37) -> 50482999 | G39: =SUM(G5:G37) -> 25120387 | H39: =SUM(H5:H37) -> 9.2899309e+08 | I39: =SUM(I5:I37) -> 4.7678987e+08 | J39: =SUM(J5:J37) -> 9200 | K39: =SUM(K5:K37) -> 0 | ... T39: =SUM(T5:T37) -> 22310202 | U39: =U38/DB38 -> 0.00087198193 | V39: =SUM(V5:V37) -> 8661628.5 | W39: =SUM(W5:W37) -> 84400 | X39: =SUM(X5:X37) -> 41305.4 | Y39: =SUM(Y5:Y37) -> 1.2291722e+08 | Z39: =Z38/DB38 -> 0.005638933 | AA39: =SUM(AA5:AA37) -> 54538327 | AB39: =SUM(AB5:AB37) -> 4852777.4 | AC39: =SUM(AC5:AC37) -> 1361986.9 | AD39: =SUM(AD5:AD37) -> 2225846.3 | AE39: =SUM(AE5:AE37) -> 379821.84 | AF39: =SUM(AF5:AF37) -> 4400754.5 | AG39: =AG38/DB38 -> 0.033815639 | AH39: =SUM(AH5:AH37) -> 1844091.5 | AI39: =SUM(AI5:AI37) -> 85000 | AJ39: =SUM(AJ5:AJ37) -> 10000 | AK39: =SUM(AK5:AK37) -> 839661 | AL39: =SUM(AL5:AL37) -> 704962 | AM39: =SUM(AM5:AM37) -> 1.5242626e+08 | AN39: =SUM(AN5:AN37) -> 79468827 | AO39: =SUM(AO5:AO37) -> 7.4809928e+08 | ... AU39: =SUM(AU5:AU37) -> 2.8409008e+08 | AV39: =AV38/DB38 -> 0.042763364 | AW39: =SUM(AW5:AW37) -> 52808354 | AX39: =SUM(AX5:AX37) -> 3.5530723e+08 | AY39: =SUM(AY5:AY37) -> 73512950 | AZ39: =SUM(AZ5:AZ37) -> 5.265107e+08 | BA39: =SUM(BA5:BA37) -> 2.450555e+08 | BB39: =SUM(BB5:BB37) -> 1.1431618e+08 | BC39: =SUM(BC5:BC37) -> 55428754 | BD39: =SUM(BD5:BD37) -> 832616 | BE39: =BE38/DB38 -> 0.00074368961 | BF39: =SUM(BF5:BF37) -> 2116 | BG39: =SUM(BG5:BG37) -> 15955459 | BH39: =SUM(BH5:BH37) -> 7420379 | BI39: =SUM(BI5:BI37) -> 2.5220436e+09 | BJ39: =BJ38/DB38 -> 0.61062141 | BK39: =SUM(BK5:BK37) -> 1.3284924e+09 | BL39: =SUM(BL5:BL37) -> 8.4805636e+09 | BM39: =SUM(BM5:BM37) -> 4.5342513e+09 | BN39: =SUM(BN5:BN37) -> 1.3934636e+08 | BO39: =SUM(BO5:BO37) -> 51545789 | BP39: =SUM(BP5:BP37) -> 3.8536658e+08 | BQ39: =SUM(BQ5:BQ37) -> 1.8010038e+08 | BR39: =SUM(BR5:BR37) -> 1.1263548e+09 | BS39: =BS38/DB38 -> 0.053569195 | BT39: =SUM(BT5:BT37) -> 4.7816266e+08 | BU39: =SUM(BU5:BU37) -> 1.2182792e+08 | BV39: =SUM(BV5:BV37) -> 56491954 | BW39: =SUM(BW5:BW37) -> 29774529 | BX39: =BX38/DB38 -> 0.13134421 | BY39: =SUM(BY5:BY37) -> 13362964 | BZ39: =SUM(BZ5:BZ37) -> 1.9762623e+09 | CA39: =SUM(CA5:CA37) -> 1.0569211e+09 | CB39: =SUM(CB5:CB37) -> 387263052 | CC39: =SUM(CC5:CC37) -> 1.7987581e+08 | CD39: =SUM(CD5:CD37) -> 1.1925531e+08 | CE39: =SUM(CE5:CE37) -> 60738788 | CF39: =SUM(CF5:CF37) -> 38194136 | CG39: =CG38/DB38 -> 0.0049762643 | CH39: =SUM(CH5:CH37) -> 11153670 | CI39: =SUM(CI5:CI37) -> 1.3301009e+08 | CJ39: =SUM(CJ5:CJ37) -> 36718677 | CK39: =SUM(CK5:CK37) -> 120000 | CL39: =SUM(CL5:CL37) -> 102380 | CM39: =SUM(CM5:CM37) -> 3221300 | CN39: =SUM(CN5:CN37) -> 1691554.5 | CO39: =SUM(CO5:CO37) -> 19031378 | CP39: =CP38/DB38 -> 0.00089263415 | CQ39: =SUM(CQ5:CQ37) -> 8909056.2 | CR39: =SUM(CR5:CR37) -> 1.3017899e+08 | CS39: =CS38/DB38 -> 0.0056684513 | CT39: =SUM(CT5:CT37) -> 56574746 | CU39: =SUM(CU5:CU37) -> 4531188.9 | CW39: =SUM(CW5:CW37) -> 0 | CX39: =SUM(CX5:CX37) -> 3327907 | CY39: =SUM(CY5:CY37) -> 0 | CZ39: =SUM(CZ5:CZ37) -> 0 | DA39: =SUM(DA5:DA37) -> 2.038881e+10 | DB39: =C39+U39+Z39+AG39+AV39+BE39+BJ39+BS39+BX39+CG39+CP39+CS39+CV39 -> 1
C40: =C39/DB39*100 -> 10.909422 | U40: =U39/DB39*100 -> 0.087198193 | Z40: =Z39/DB39*100 -> 0.5638933 | AG40: =AG39/DB39*100 -> 3.3815639 | AV40: =AV39/DB39*100 -> 4.2763364 | BE40: =BE39/DB39*100 -> 0.074368961 | BJ40: =BJ39/DB39*100 -> 61.062141 | BS40: =BS39/DB39*100 -> 5.3569195 | BX40: =BX39/DB39*100 -> 13.134421 | CG40: =CG39/DB39*100 -> 0.49762643 | CP40: =CP39/DB39*100 -> 0.089263415 | CS40: =CS39/DB39*100 -> 0.56684513 | DB40: =C40+U40+Z40+AG40+AV40+BE40+BJ40+BS40+BX40+CG40+CP40+CS40+CV40*100 -> 100

Sheet Диаграмма окончательная
A1: Расходы местных бюджетов за I полугодие 2015 года в разрезе отраслей
